 Dungeon Crawl Stone Soup version 0.31-a0-845-g9abc20d24f (webtiles) character file.

Game seed: 2300439689396512472

1585932 MackTheKnife the Spry (level 24, 196/196 (201) HPs)
             Began as a Red Draconian Ice Elementalist on Sept 28, 2023.
             Was a High Priest of Hepliaklqana.
             Escaped with the Orb
             ... and 3 runes on Oct 2, 2023!
             The game lasted 03:53:07 (72253 turns).

MackTheKnife the Spry (DrIE)                       Turns: 72253, Time: 03:53:08

HP:   196/196 (201) AC: 21    Str: 15    XL:     24   Next: 94%
MP:   39/39         EV: 35    Int: 23    God:    Hepliaklqana [*****.]
Gold: 3725          SH: 22    Dex: 31    Spells: 3/48 levels left

rFire   + + .        a - +9 long sword "Zexatuix" {drain, rElec Will+, long}
rCold   + . .        Z - +5 kite shield {AC+3}
rNeg    + . .        (body armour unavailable)
rPois   +            K - +2 hat {Stlth+}
rElec   +            q - scarf "Niell" {rC+ rF+, *Corrode rPois SInv}
rCorr   .            P - +2 pair of gloves
SInv    +            y - +0 pair of boots of the Fletcher {Drain rPois rN+ Dex+8}
Will    +++..        L - amulet of regeneration {@e2}
Stlth   +++          U - ring "Huxapag" {Wiz Will+ Int+3 Dex-3}
HPRegen 1.32/turn    z - ring "Eson" {Fly Str+4 Int+3 Dex+2 Slay+3}
MPRegen 0.26/turn

%: corrode self (3%), wizardry (x1)
@: flying, studying 3 skills, lightly drained
A: reduced essence, breathe fire, AC +12, unfitting armour, fire resistance 1,
cold-blooded, agile 1
0: Orb of Zot
}: 3/15 runes: decaying, serpentine, silver
a: Breathe Fire, Renounce Religion, Recall Ancestor, Ancestor Identity,
Transference, Idealise


You escaped.
You worshipped Hepliaklqana.
Hepliaklqana was extremely pleased with you.
You visited 11 branches of the dungeon, and saw 51 of its levels.
You visited 1 bazaar.
You also visited: Sewer, Ossuary, Bailey, Gauntlet, Ice Cave and Volcano.

You collected 7281 gold pieces.
You spent 3556 gold pieces at shops.


Innate Abilities, Weirdness & Mutations

Your life essence is reduced to manifest your ancestor. (-10% HP)
You can breathe blasts of fire.
Your fiery red scales are hard. (AC +12)
You cannot fit into any form of body armour.
Your flesh is heat resistant. (rF+)
You are cold-blooded and may be slowed by cold attacks.
You are agile. (Dex +4, Str/Int -1)


   Skills:
 - Level 20.0 Fighting
 - Level 14.0 Long Blades
 - Level 4.0 Staves
 - Level 20.5 Dodging
 - Level 14.0 Stealth
 - Level 15.0 Shields
 + Level 12.5 Spellcasting
 - Level 8.0 Conjurations
 - Level 8.0 Hexes
 - Level 10.0 Summonings
 + Level 10.7 Necromancy
 - Level 6.0 Translocations
 - Level 8.0 Transmutations
 - Level 11.0 Ice Magic
 - Level 6.0 Air Magic
 - Level 5.0 Earth Magic
 - Level 12.0 Invocations
 - Level 8.0 Evocations


You had 3 spell levels left.
You knew the following spells:

 Your Spells              Type           Power      Damage    Failure   Level
a - Irradiate             Conj/Tmut      25%        3d20      3%          5
b - Yara's Violent Unrav  Hex/Tmut       25%        3d11      3%          5
c - Summon Lightning Spi  Summ/Air       50%        N/A       1%          4
d - Death Channel         Necr           29%        N/A       6%          6
e - Call Canine Familiar  Summ           57%        N/A       1%          3
f - Blink                 Tloc           82%        N/A       1%          2
g - Summon Forest         Summ/Tloc      25%        N/A       3%          5
h - Freezing Cloud        Conj/Ice/Air   25%        6-21      2%          5
i - Animate Dead          Necr           59%        N/A       1%          4
j - Wereblood             Tmut           50%        N/A       1%          2
k - Passage of Golubria   Tloc           41%        N/A       2%          4

Your spell library contained the following spells:

 Spells                   Type           Power      Damage    Failure   Level
 Apportation              Tloc           82%        N/A       1%          1
 Foxfire                  Conj/Fire      100%       2x1d9     1%          1
 Freeze                   Ice            100%       1d10      1%          1
 Kiss of Death            Conj/Necr      100%       2d13      1%          1
 Magic Dart               Conj           100%       1d8       1%          1
 Necrotise                Necr           100%       1d9       1%          1
 Sandblast                Erth           74%        2d16      1%          1
 Slow                     Hex            100%       N/A       1%          1
 Sting                    Tmut/Pois      100%       1d8       1%          1
 Summon Small Mammal      Summ           100%       N/A       1%          1
 Cigotuvi's Dreadful Rot  Necr/Pois/Air  80%        N/A       1%          2
 Ensorcelled Hibernation  Hex/Ice        100%       N/A       1%          2
 Lesser Beckoning         Tloc           82%        N/A       1%          2
 Momentum Strike          Conj/Tloc      92%        3d10      1%          2
 Passwall                 Tmut/Erth      36%        N/A       1%          2
 Poisonous Vapours        Pois/Air       56%        N/A       1%          2
 Sublimation of Blood     Necr           59%        N/A       1%          2
 Confusing Touch          Hex            50%        N/A       1%          3
 Dazzling Flash           Conj/Hex       100%       N/A       1%          3
 Frozen Ramparts          Ice            100%       1d16      1%          3
 Hailstorm                Conj/Ice       55%        3d12      1%          3
 Mephitic Cloud           Conj/Pois/Air  35%        N/A       1%          3
 Ozocubu's Armour         Ice            60%        N/A       1%          3
 Stone Arrow              Conj/Erth      88%        3d12      1%          3
 Summon Guardian Golem    Hex/Summ       54%        N/A       1%          3
 Swiftness                Air            41%        N/A       1%          3
 Tukima's Dance           Hex            50%        N/A       1%          3
 Vampiric Draining        Necr           59%        2d10      1%          3
 Volatile Blastmotes      Fire/Tloc      56%        2d14      2%          3
 Scorch                   Fire           28%        2d6       4%          2
 Anguish                  Hex/Necr       27%        N/A       1%          4
 Cause Fear               Hex            25%        N/A       1%          4
 Dispel Undead            Necr           59%        3d21      1%          4
 Fulminant Prism          Conj/Hex       25%        3d13      1%          4
 Summon Ice Beast         Ice/Summ       58%        N/A       1%          4
 Agony                    Necr           59%        N/A       1%          5
 Brom's Barrelling Bould  Conj/Erth      44%        2d6       2%          4
 Leda's Liquefaction      Hex/Erth       22%        N/A       2%          4
 Manifold Assault         Tloc           41%        N/A       2%          4
 Petrify                  Tmut/Erth      44%        N/A       2%          4
 Vhi's Electric Charge    Tloc/Air       82%        N/A       2%          4
 Summon Mana Viper        Hex/Summ       54%        N/A       2%          5
 Arcjolt                  Conj/Air       23%        1d33      4%          5
 Simulacrum               Ice/Necr       29%        N/A       5%          6
 Flame Wave               Conj/Fire      32%        2d9       6%          4
 Summon Cactus Giant      Summ           28%        N/A       8%          6
 Lee's Rapid Deconstruct  Erth           18%        3d11*     11%         5
 Ozocubu's Refrigeration  Ice            30%        4d14      26%         7
 Olgreb's Toxic Radiance  Pois           14%        N/A       28%         4
 Bombard                  Conj/Erth      22%        9d4       32%         6
 Haunt                    Necr/Summ      29%        N/A       32%         7
 Summon Hydra             Summ           28%        N/A       38%         7
 Eringya's Noxious Bog    Tmut/Pois      16%        4d6       63%         6
 Starburst                Conj/Fire      16%        6d6       63%         6
 Enfeeble                 Hex            25%        N/A       65%         7
 Plasma Beam              Fire/Air       14%        2x1d25    77%         6
 Infestation              Necr           29%        N/A       91%         8
 Discord                  Hex            25%        N/A       99%         8
 Ignition                 Fire           7%         3d4       100%        8
 Maxwell's Capacitive Co  Air            20%        โˆž       100%        8
 Fire Storm               Conj/Fire      16%        8d4       100%        9
 Shatter                  Erth           18%        3d17*     100%        9
 Animate Armour           Summ/Erth      Unusable   N/A       N/A         4

Inventory:

Hand Weapons
 a - the +9 long sword "Zexatuix" (weapon) {drain, rElec Will+, long}
   (You found it on level 2 of the Depths)

   rElec:     It insulates you from electricity.
   Will+:     It increases your willpower.
 b - a +9 demon blade of freezing {long}
   (You found it in an ice cave)
Armour
 q - the scarf "Niell" (worn) {rC+ rF+, *Corrode rPois SInv}
   (You acquired it on level 8 of the Dungeon)

   rPois:     It protects you from poison SInv: It lets you see invisible.
   *Corrode:  It may corrode you when you take damage.
 s - a +2 pair of boots of flying
   (You found it on level 12 of the Dungeon)
 y - the +0 pair of boots of the Fletcher (worn) {Drain rPois rN+ Dex+8}
   (You found it on level 13 of the Dungeon)

   Dex+8:     It affects your dexterity (+8).
   rPois:     It protects you from poison rN+: It protects you from negative
   energy.
   Drain:     It drains your maximum health when unequipped.
 K - a +2 hat of stealth (worn)
   (You took it off Gastronok on level 1 of the Lair of Beasts)
 P - a +2 pair of gloves (worn)
   (You found it in an ice cave)
 R - the +3 pair of seven-league boots {Rampage+โˆž}
   (You acquired it on level 2 of the Lair of Beasts)

   Rampage+โˆž: When moving toward enemies, its wearer moves as far as possible,
   alerting their target en route.
 Z - a +5 kite shield of protection (worn)
   (You took it off a naga warrior on level 3 of the Snake Pit)
Jewellery
 h - the ring of Tazxec {rF++ rN+ Stlth+}
   (You found it on level 3 of the Crypt)

   [ring of positive energy]

   rF++:      It greatly protects you from fire.
   rN+:       It protects you from negative energy.
   Stlth+:    It makes you more stealthy.
 z - the ring "Eson" (right hand) {Fly Str+4 Int+3 Dex+2 Slay+3}
   (You found it on level 5 of the Vaults)

   [ring of flight]

   Str+4:     It affects your strength (+4).
   Int+3:     It affects your intelligence (+3).
   Dex+2:     It affects your dexterity (+2).
   Slay+3:    It affects your accuracy & damage with ranged weapons and melee
   (+3).
   Fly:       It grants you flight.
 L - an amulet of regeneration (around neck) {@e2}
   (You found it on level 4 of the Vaults)
 U - the ring "Huxapag" (left hand) {Wiz Will+ Int+3 Dex-3}
   (You found it in a Gauntlet)

   [ring of wizardry]

   Wiz:       It improves your spell success rate.
   Int+3:     It affects your intelligence (+3).
   Dex-3:     It affects your dexterity (-3).
   Will+:     It increases your willpower.
 Y - the ring of Cant {rElec Dex+5 SInv}
   (You found it on level 3 of the Elven Halls)

   [ring of see invisible]

   Dex+5:     It affects your dexterity (+5).
   rElec:     It insulates you from electricity.
   SInv:      It lets you see invisible.
Wands
 l - a wand of roots (38)
   (You took it off Sonja on level 4 of the Lair of Beasts)
 n - a wand of flame (62)
   (You found it on level 5 of the Lair of Beasts)
 p - a wand of mindburst (11)
   (You took it off Ijyb on level 4 of the Dungeon)
 w - a wand of polymorph (38)
   (You found it on level 4 of the Snake Pit)
 x - a wand of digging (25)
   (You found it on level 2 of the Vaults)
 M - a wand of charming (57)
   (You found it on level 1 of the Lair of Beasts)
 T - a wand of quicksilver (37)
   (You found it on level 2 of the Lair of Beasts)
Scrolls
 g - 5 scrolls of fog
 j - 7 scrolls of amnesia
 m - 3 scrolls of immolation {!r!r}
 B - 9 scrolls of fear
 C - 15 scrolls of teleportation {@r4}
 E - 9 scrolls of vulnerability {!r!r}
 H - 2 scrolls of butterflies
 N - 5 scrolls of blinking {!r}
 O - 8 scrolls of enchant armour
 S - 7 scrolls of poison
Potions
 d - 23 potions of curing {@q1}
 e - 7 potions of resistance
 i - 11 potions of mutation {!q}
 k - 9 potions of enlightenment
 u - 8 potions of heal wounds {@q2}
 v - 8 potions of invisibility
 A - 5 potions of might
 D - 10 potions of brilliance
 F - 2 potions of haste {@q3}
 G - 5 potions of cancellation
 I - a potion of ambrosia
 J - 9 potions of magic
Miscellaneous
 f - a sack of spiders
   (You found it on level 3 of the Swamp)
 r - a lightning rod (4/4)
   (You found it on level 1 of the Vaults)
 t - a phial of floods
   (You found it on level 15 of the Dungeon)
 V - a phantom mirror
   (You found it in a Gauntlet)
 X - a tin of tremorstones (inert) {throwing}
   (You found it on level 2 of the Snake Pit)

Dungeon Overview and Level Annotations

Branches:
Dungeon (15/15)            Temple (1/1) D:6            Lair (5/5) D:11
  Swamp (4/4) Lair:3        Snake (4/4) Lair:2        Slime (0/5) Lair:4
    Orc (2/2) D:9             Elf (3/3) Orc:2        Vaults (5/5) D:14
  Crypt (3/3) Vaults:2       Tomb (0/3) Crypt:3      Depths (4/4) D:15
    Zot (5/5) Depths:4      Sewer (visited)         Ossuary (visited)
 Bailey (visited)           IceCv (visited)         Volcano (visited)
Gauntlet (visited)

Altars:
Ashenzari
Cheibriados
Dithmenos
Elyvilon
Fedhas
Gozag
Hepliaklqana
Kikubaaqudgha
Makhleb
Nemelex Xobeh
Okawaru
Qazlal
Ru
Sif Muna
Trog
Uskayaw
Vehumet
Wu Jian
Xom
Yredelemnul
Zin
The Shining One

Shops:
D:2 :   D:13 :   Orc:2 :::!   Elf:2 (=[   Vaults:1 ?   Vaults:2 [   Vaults:4 (

Portals:
Hell: Depths:1 Depths:2 Depths:3 Depths:4
Abyss: Lair:4 Depths:3 Depths:4
Pandemonium: Depths:2 Depths:4
Ziggurat: Depths:4

Annotations:
D:4 Dowan, Natasha
D:5 1 runed translucent door
D:13 3 runed translucent doors, Helis's ghost, journeyman MfIE
Lair:2 1 runed translucent door, JaaP's ghost, journeyman HOBe
Lair:4 2 transporters, Zenatt's ghost, journeyman TrFi
Swamp:1 Roxanne
Snake:4 5 runed translucent doors
Elf:2 3 runed translucent doors
Depths:2 exclusion: downstairs
Zot:5 exclusions: obsidian statue and 2 upstairs

####............##.............##
###.......##....##....##....>#..#
#.........##..........##........#
.....##................(........#
#....##...................##....#
#.........................##....#
#...............................#
#..##...........>...............#
โ€
..##...........@..........##...#
#.........................)##...#
#...............................#
#...##..........................#
#...##...................##.....#
#........................##......
#.......##..........##...........
###.....##....##....##..........#
##..........##............#####


There were no monsters in sight!


Message History

You sense an unholy aura.
The demonspawn warmonger shoots an arrow.
The arrow completely misses you.
You fly upwards.
There is a stone staircase leading down, spattered with blood here.
Unknown command. ๐Ÿ˜ฎ HP[+4]
You regained 4 hp, and now have 114/196 hp.
Unknown command.
You feel much better. ๐Ÿ˜ฎ HP[+28]
You regained 28 hp, and now have 142/196 hp.
You feel much better. ๐Ÿ˜• HP[+30]
You regained 30 hp, and now have 172/196 hp.
What level of the Dungeon? (default 1, ? - help)
A rust devil comes into view. ๐Ÿ˜• HP[+3]
You regained 3 hp, and now have 175/196 hp.
Unknown command.
Unknown command.
Louis is recalled. ๐Ÿ˜• HP[+1] MP[-2]
You lost 2 mp, and now have 37/39 mp.
Unknown command. ๐Ÿ˜• HP[+2]
You regained 2 hp, and now have 178/196 hp. ๐Ÿ˜• HP[+1] ๐Ÿ˜• HP[+1] MP[+1]
You slash the rust devil! ๐Ÿ˜• HP[+1]
You slash the rust devil! You block the rust devil's attack.
Louis gestures wildly while chanting.
Louis seems to speed up. ๐Ÿ˜• HP[+1]
You hit the rust devil but do no damage.
Louis hits the rust devil but does no damage.
You block the rust devil's attack. ๐Ÿ˜• HP[+1]
You slash the rust devil!
Louis hits the rust devil with a +0 broad axe of speed.
You block the rust devil's attack. ๐Ÿ˜• HP[+1]
You closely miss the rust devil.
Your tail-slap misses the rust devil.
You are no longer corroded.
Louis hits the rust devil with a +0 broad axe of speed!
The rust devil dies! ๐Ÿ˜• HP[+1] MP[+1]
Your mp is fully restored (39).
No target in view!
What level of the Dungeon? (default 1, ? - help)
A Tzitzimitl comes into view. ๐Ÿ˜• HP[+10]
You regained 10 hp, and now have 195/196 hp.
Unknown command.
Unknown command.
As you read the scroll of fog, it dissolves into smoke. ๐Ÿ˜Ž HP[+1]
Your hp is fully restored (196).
You feel yourself speed up.
Louis is no longer moving quickly.
There is an escape hatch in the ceiling here.
A mysterious force pulls you upwards. The hatch slams shut behind you.
What level of the Dungeon? (default 8, ? - help)
You see here a +0 leather armour.
Your extra speed is starting to run out.
You feel yourself slow down.
You see here a +0 leather armour.
You see here a +0 sling.
There is a stone staircase leading up here.
You fly upwards.
There is a stone staircase leading down here.
You see here a +0 sling.
There is a stone staircase leading up here.
You fly upwards.
Level annotation: 1 runed translucent door A daeva comes into view.
It is wielding a +4 eudemon blade of holy wrath.
There is a stone staircase leading down here.
Unknown command.
Unknown command.
Unknown command.
There is a stone staircase leading up here.
You fly upwards.
Level annotation: Dowan, Natasha
There is a stone staircase leading down here.
A profane servitor comes into view. It is wielding a +1 demon whip.
There is a stone staircase leading up here.
You fly upwards.
There is a stone staircase leading down here.
There is a stone staircase leading down here.
There is a stone staircase leading up here.
You fly upwards.
There is a stone staircase leading down here.
Unknown command.
There is a stone staircase leading up here.
You fly upwards.
There is a stone staircase leading down here.
There is a stone staircase leading down here.
There is a staircase leading out of the dungeon here.
You have escaped!

Skill      XL: |  1  2  3  4  5  6  7  8  9 10 11 12 13 14 15 16 17 18 19 20 21 22 23 24 |
---------------+-------------------------------------------------------------------------+-----
Ice Magic      | 5 4 6 8 10 11 | 11.0
Spellcasting   | 3 5 6 7 8 10 12 | 12.5
Fighting       | 1 2 3 4 7 8 10 13 14 15 16 18 20 | 20.0
Dodging        | 2 3 4 6 8 10 12 13 14 15 17 18 20 | 20.5
Stealth        | 2 13 14 | 14.0
Conjurations   | 5 6 7 8 |  8.0
Earth Magic    | 5 |  5.0
Summonings     | 9 10 | 10.0
Translocations | 6 |  6.0
Air Magic      | 4 5 6 |  6.0
Invocations    | 4 8 12 | 12.0
Evocations     | 6 8 |  8.0
Staves         | 4 |  4.0
Long Blades    | 7 12 14 | 14.0
Shields        | 6 10 15 | 15.0
Necromancy     | 2 5 10 | 10.7
Transmutations | 6 8 |  8.0
Hexes          | 7 8 |  8.0

Action                     |  1- 3 |  4- 6 |  7- 9 | 10-12 | 13-15 | 16-18 | 19-21 | 22-24 || total
---------------------------+-------+-------+-------+-------+-------+-------+-------+-------++-------
  Melee: Mace              |    19 |    10 |       |       |       |       |       |       ||    29
         Tailslap          |     2 |     7 |     4 |    21 |   111 |   167 |   257 |   447 ||  1016
         Rapier            |       |    90 |     3 |       |       |       |       |       ||    93
         Punch             |       |     1 |     1 |     1 |     9 |       |       |       ||    12
         Spear             |       |       |    89 |    75 |       |       |       |       ||   164
         Staff             |       |       |       |    76 |   182 |       |       |       ||   258
         Demon blade       |       |       |       |       |   275 |   673 |   965 |   902 ||  2815
         Long sword        |       |       |       |       |    21 |    11 |       |   620 ||   652
   Cast: Freeze            |    34 |    38 |    33 |     7 |       |       |       |       ||   112
         Frozen Ramparts   |     1 |    14 |    35 |     8 |     2 |     1 |       |       ||    61
         Stone Arrow       |       |       |    39 |    57 |    16 |     3 |    12 |       ||   127
         Summon Guardian G |       |       |       |    14 |       |     3 |       |       ||    17
         Call Canine Famil |       |       |       |    16 |    26 |    14 |     7 |    12 ||    75
         Summon Lightning  |       |       |       |    24 |   106 |    77 |    30 |    18 ||   255
         Summon Forest     |       |       |       |     5 |    32 |    40 |    16 |    17 ||   110
         Freezing Cloud    |       |       |       |       |    24 |    77 |    68 |    43 ||   212
         Animate Dead      |       |       |       |       |       |     4 |    10 |    15 ||    29
         Wereblood         |       |       |       |       |       |     1 |     5 |     7 ||    13
         Irradiate         |       |       |       |       |       |       |     7 |     2 ||     9
         Yara's Violent Un |       |       |       |       |       |       |       |     9 ||     9
         Death Channel     |       |       |       |       |       |       |       |     5 ||     5
 Invoke: Ancestor Identity |       |       |     1 |       |       |       |       |       ||     1
         Recall Ancestor   |       |       |       |    13 |     9 |     5 |    11 |    15 ||    53
         Ancestor Life: Kn |       |       |       |     1 |       |       |       |       ||     1
         Idealise          |       |       |       |       |     3 |     9 |    14 |    14 ||    40
         Transference      |       |       |       |       |       |       |       |     1 ||     1
Ability: Breathe Fire      |       |       |    10 |    10 |    15 |     5 |     1 |       ||    41
         Evoke the Staff o |       |       |       |    22 |    40 |       |       |       ||    62
  Evoke: Wand              |       |     2 |       |       |    11 |    11 |     7 |     8 ||    39
         Phantom mirror    |       |       |       |       |       |     2 |     2 |     1 ||     5
         Phial of floods   |       |       |       |       |       |     2 |     2 |     1 ||     5
         Sack of spiders   |       |       |       |       |       |     1 |     2 |       ||     3
         Tin of tremorston |       |       |       |       |       |     1 |     3 |     4 ||     8
         Lightning rod     |       |       |       |       |       |       |     3 |       ||     3
    Use: Scroll            |     5 |     2 |    10 |     6 |    16 |    18 |     8 |    22 ||    87
         Potion            |       |       |     1 |       |     9 |     3 |     3 |    17 ||    33
   Stab: Sleeping          |     2 |     3 |     1 |       |     3 |     2 |    14 |    19 ||    44
         Distracted        |       |       |     3 |     2 |    15 |    27 |    32 |    44 ||   123
         Betrayed ally     |       |       |       |       |       |     1 |     1 |       ||     2
 Armour: Skin              |    18 |    69 |    61 |   160 |   341 |   274 |   247 |   382 ||  1552
  Dodge: Dodged            |    30 |   104 |    83 |   201 |   444 |   478 |   458 |   919 ||  2717
  Block: Buckler           |       |       |       |       |    39 |    61 |       |       ||   100
         Kite shield       |       |       |       |       |       |   471 |   681 |  1240 ||  2392

Levels and vault maps discovered:
D:1:      dpeg_arrival_stonehenge_12_columns, layout_basic, minmay_tetromino_i4
D:2:      layout_loops_ring, basic_altar, serial_shops, shop,
          guppyfry_early_lair_pool, uniq_jessica
D:3:      layout_rooms, chequers_ecumenical_altar_twisty, minmay_misc_feat_iff,
          minmay_misc_feat_more_columns, grunt_decor_arrowhead,
          hangedman_decor_points
D:4:      layout_layer_cave, old_standard_altar, serial_forest,
          infiniplex_forest_corner_2, infiniplex_forest_zigzag_1,
          infiniplex_forest_zigzag_2, infiniplex_forest_lined_3,
          infiniplex_forest_clump_diagonal, infiniplex_forest_straight_2,
          infiniplex_forest_pool, lightli_ossuary_entry_decrepit_ruins,
          kennysheep_generic_room_7, uniq_duvessa, uniq_ijyb, uniq_natasha
D:5:      layout_basic, lemuel_tele_altar, mainiacjoe_overflow_brackets,
          gup_sewer_entry_pipe, minmay_guarded_unrand_staff_of_olgreb
D:6:      layout_loops_cross, mainiacjoe_overflow_chevrons,
          minmay_temple_entry_tees, gammafunk_ghost_stat_death,
          nicolae_lava_and_water, uniq_grinder
D:7:      layout_loops_ring, gammafunk_temple_overflow_wave
D:8:      layout_cave_pods, nicolae_tso_carved_into_rock, enter_bailey_6
D:9:      kennysheep_big_flooded_room, layout_small_grid, orc_0_dummy,
          serial_glass, glass_columns_c, glass_columns_b, kennysheep_cross_room
D:10:     layout_long_grid, grunt_temple_overflow_magic_moments,
          mainiacjoe_overflow_alcove_1
D:11:     layout_roguey, dpeg_oklobed_lair
D:12:     evilmike_iron_armoury, layout_loops_ring, wad_floor_pattern_untrapped,
          uniq_kirke
D:13:     layout_roguey, maelrawn_ghost_gauntlet_escape, serial_shops,
          kennysheep_little_box
D:14:     layout_cave_pods, david_vaults_4,
          hangedman_abyss_or_decor_lesser_grid, hangedman_stone_soup
D:15:     hangedman_depths_entry_civil_slaughter, layout_basic,
          gauntlet_entry_generic, vehumet_crystals, xom_confusion_cloud,
          uniq_nessos
Temple:   nicolae_temple_bog_church
Lair:1:   layout_chaotic_city, grunt_forest_large_clearings, uniq_gastronok
Lair:2:   layout_layer_cave, minmay_snake_entry_guardpost_small,
          gammafunk_ghost_grave, portal_ice_cave_entry_pillars_2, uniq_harold
Lair:3:   layout_regular_city, swamp_mist, beast_lair_carwin_1
Lair:4:   layout_cave_pods, slime_entry_1, gammafunk_ghost_abyssal_escape,
          uniq_urug, uniq_sonja
Lair:5:   evilmike_catoblepas_cave, layout_regular_city, enter_volcano_2
Swamp:1:  layout_basic_swamp, evilmike_swamp_ruin_house_5, uniq_roxanne
Swamp:2:  layout_basic_swamp, hangedman_swamp_blocks, swamp_pool1,
          infiniplex_staircase_pool_2
Swamp:3:  layout_falls_marsh, evilmike_swamp_ruin_rubble_2, swamp_pool3,
          infiniplex_staircase_pool, uniq_mlioglotl, uniq_louise
Swamp:4:  swamp_basic_johnstein, layout_basic_swamp, swamp_pool1
Snake:1:  layout_misc_corridors
Snake:2:  layout_chambers
Snake:3:  layout_grid_maze, uniq_jorgrun
Snake:4:  johnstein_snake_rune_scales, layout_cave_town, basic_altar,
          hangedman_venom_bottle
Orc:1:    layout_diamond_mine
Orc:2:    st_orc_rangers, layout_caves, nicolae_orc_lost_temple
Elf:1:    elf_arrival_001, layout_rooms, minmay_elf_demonology, drop_trap,
          uniq_donald, uniq_zenata
Elf:2:    nicolae_elf_blades_splatter_lattice
          [nicolae_vaults_blade_armed_guards], layout_gridlike,
          minmay_shop_star, uniq_azrael
Elf:3:    minmay_elf_hall, layout_geoelf_octagon, serial_shops, bzr_entry_safe,
          uniq_mara
Vaults:1: vaults_mumra_hex, vaults_dpeg_encased_lava, v_misc_1,
          nicolae_vaults_ninety_degrees, vaults_mumra_chevron_long,
          v_alt_pattern_4, ontoclasm_vaults_twist, hangedman_vaults_impose,
          ontoclasm_vaults_hangar, nicolae_vaults_little_squares_5,
          vaults_room_hallway, nicolae_vaults_variable_pillar_hall,
          dpeg_vaults_monster_box, layout_vaults_ring, serial_shops,
          nicolae_shop_tiny_waterfront, uniq_saint_roka
Vaults:2: v_misc_32, minmay_crypt_entry_necro_gods,
          nicolae_vaults_offset_grid_hallway_2, nicolae_vaults_angled_halls,
          nicolae_vaults_storage_closets_1, ontoclasm_vaults_loading_screen,
          layout_vaults_omnigrid, serial_shops, shop
Vaults:3: v_pattern_1, v_misc_19, nicolae_vaults_network_barrier,
          nicolae_vaults_double_plus_1, nicolae_vaults_offset_grid_hallway_1,
          nicolae_vaults_closet_pinwheel_5, ontoclasm_vaults_tryst,
          nicolae_vaults_big_ls, nicolae_vaults_trapezoid_lopsided_4,
          dpeg_vaults_monster_row, nicolae_vaults_offset_grid_hallway_2,
          nicolae_vaults_apartment_2, v_alt_pattern_4,
          nicolae_vaults_little_squares_2, v_misc_30, vaults_room_fancy_cross,
          layout_vaults_omnibox, uniq_boris, uniq_frederick
Vaults:4: vaults_room_fancy_cross, nicolae_vaults_apartment_1, v_misc_3,
          nicolae_vaults_bisected_exclaves, v_alt_pattern_6,
          vaults_room_large_hall, nicolae_vaults_trapezoid_2,
          nicolae_vaults_diamond_2, vaults_dpeg_diagonal,
          nicolae_vaults_surprise_closet, nicolae_vaults_house_1,
          layout_vaults_chaotic_city, serial_shops, nicolae_shop_tiny_glass
Vaults:5
Crypt:1:  layout_regular_city, st_stairs_7, minivault_26,
          lemuel_mausoleum_altar_yredelemnul
Crypt:2:  layout_basic
Crypt:3:  due_elkab, layout_chaotic_city
Depths:1: layout_basic, hangedman_decor_push, hell_entry, grunt_ministairs_3,
          st_stairs_11, minmay_serpent_palace
Depths:2: hellmonk_ruined_rings, layout_small_grid, pan_entry, hell_entry,
          grunt_gozag_statues, serial_shops, shop, minmay_misc_feat_alley,
          kennysheep_generic_room_5
Depths:3: hangedman_crystal_crosses_colossus [crystal_crosses_arms_four,
          crystal_crosses_arms_four, crystal_crosses_arms_two,
          crystal_crosses_arms_two], abyss_entry, hell_entry
Depths:4: evilmike_zot_entry_diamond, layout_gridlike, enter_ziggurat_a,
          okawaru_gym_becter, abyss_entry_crystal, rand_demon_pan_entry_8,
          hell_entry
Zot:1:    layout_misc_corridors, uniq_vv
Zot:2:    layout_cellular_growth, lemuel_lake_of_fire
Zot:3:    lemuel_draconian_sentries_small, layout_basic
Zot:4:    layout_onion
Zot:5:    layout_misc_corridors

Notes
Turn   | Place    | Note
-------+----------+-------------------------------------------
     0 | D:1      | MackTheKnife the Draconian Ice Elementalist began the quest
                  | for the Orb.
     0 | D:1      | Reached XP level 1. HP: 14/14 MP: 3/3
     0 | D:1      | magus.rc [v1.9.6]
   228 | D:1      | Reached XP level 2. HP: 20/20 MP: 1/5
   274 | D:1      | You add the spells Tukima's Dance, Passage of Golubria and
                  | Yara's Violent Unravelling to your library.
   801 | D:2      | Found a sparkling altar of Nemelex Xobeh.
   987 | D:2      | Reached XP level 3. HP: 18/26 MP: 5/7
  1049 | D:2      | Learned a level 3 spell: Frozen Ramparts
  1089 | D:2      | You pick up a book of Geomancy and begin reading...
  1089 | D:2      | You add the spells Sandblast, Passwall, Stone Arrow and
                  | Brom's Barrelling Boulder to your library.
  1260 | D:2      | Found Qon Wun's Book Emporium.
  1263 | D:2      | Noticed Jessica
  1322 | D:2      | Killed Jessica
  1323 | D:2      | Reached skill level 5 in Ice Magic
  1617 | D:3      | Reached XP level 4. HP: 33/33 MP: 8/8
  1797 | D:3      | Found a faded altar of an unknown god.
  2086 | D:3      | Identified the +0 helmet of the Thinker {rCorr SInv}
  2589 | D:4      | Noticed Ijyb
  2625 | D:4      | Found a basalt altar of Yredelemnul.
  2651 | D:4      | Noticed Dowan
  2791 | D:4      | Found a sand-covered staircase.
  2798 | Ossuary  | Entered an ossuary
  2994 | D:4      | You add the spells Sting, Poisonous Vapours and Olgreb's
                  | Toxic Radiance to your library.
  3083 | D:4      | Noticed Natasha
  3171 | D:4      | Killed Ijyb
  3172 | D:4      | Reached skill level 3 in Spellcasting
  3264 | D:4      | Learned a level 4 spell: Summon Ice Beast
  3514 | D:5      | Entered Level 5 of the Dungeon
  3514 | D:5      | Noticed an ice beast
  3516 | D:5      | Killed an ice beast
  3517 | D:5      | Reached skill level 1 in Fighting
  3517 | D:5      | Reached skill level 2 in Dodging
  3517 | D:5      | Reached skill level 2 in Stealth
  3517 | D:5      | Reached XP level 5. HP: 40/40 MP: 9/9
  3526 | D:5      | Noticed a black bear
  3563 | D:5      | Identified the ring of Benevolence {rPois Dex+3}
  3582 | D:5      | Noticed a water moccasin
  3603 | D:5      | Found a glowing drain.
  3661 | Sewer    | Entered a sewer
  3669 | Sewer    | Reached skill level 2 in Fighting
  3677 | Sewer    | Reached XP level 6. HP: 34/48 MP: 4/10
  3847 | Sewer    | Reached skill level 3 in Dodging
  4012 | Sewer    | Reached skill level 3 in Fighting
  4101 | Sewer    | Found a white marble altar of Elyvilon.
  4354 | D:5      | Your scales start taking on a fiery red colour.
  4354 | D:5      | Reduced skill Ice Magic to level 4
  4354 | D:5      | Reached XP level 7. HP: 55/58 MP: 5/11
  4354 | D:5      | Gained mutation: Your flesh is heat resistant. (rF+) [Red
                  | Draconian growth]
  4443 | D:5      | Learned a level 3 spell: Stone Arrow
  4477 | D:5      | Reached skill level 4 in Fighting
  4567 | D:5      | Found a stormy altar of Qazlal.
  4569 | D:5      | Noticed a yak
  4636 | D:5      | Found a shimmering altar of Xom.
  4780 | D:5      | Found the +9 staff of Olgreb {rPoisโˆž}
  4783 | D:5      | Found a runed translucent door.
  4784 | D:5      | magus.rc [v1.9.6]
  4826 | D:5      | Reached skill level 4 in Dodging
  4866 | D:5      | Found a runed translucent gate.
  4868 | D:5      | Found a runed translucent gate.
  4882 | D:5      | Found a runed translucent gate.
  4887 | D:5      | Noticed a yak
  4887 | D:5      | Noticed a yak
  4888 | D:5      | Noticed a yak
  4895 | D:5      | Killed a yak
  4896 | D:5      | Reached skill level 4 in Spellcasting
  4897 | D:5      | Killed a yak
  4898 | D:5      | Reached skill level 5 in Spellcasting
  4907 | D:5      | Killed a yak
  4908 | D:5      | Reached XP level 8. HP: 66/66 MP: 8/16
  4971 | D:5      | Found a runed translucent door.
  5029 | D:5      | Reached skill level 1 in Conjurations
  5029 | D:5      | Reached skill level 1 in Earth Magic
  5035 | D:5      | Reached skill level 2 in Conjurations
  5035 | D:5      | Reached skill level 2 in Earth Magic
  5271 | D:6      | Noticed Grinder
  5387 | D:6      | Found a staircase to the Ecumenical Temple.
  5394 | D:6      | You pick up a book of Blood and begin reading...
  5394 | D:6      | You add the spells Sublimation of Blood, Wereblood and
                  | Summon Hydra to your library.
  5400 | Temple   | Entered the Ecumenical Temple
  5414 | Temple   | Became a worshipper of Hepliaklqana the Forgotten
  5487 | D:6      | Noticed a kobold demonologist
  5671 | D:6      | Reached skill level 3 in Conjurations
  5671 | D:6      | Reached skill level 3 in Earth Magic
  5694 | D:6      | Found a transporter.
  5699 | D:6      | Noticed WhatIsLove's ghost (novice DjFE)
  5946 | D:6      | Found a transporter.
  5996 | D:6      | Killed Grinder
  5997 | D:6      | Reached skill level 4 in Conjurations
  5997 | D:6      | Reached skill level 4 in Earth Magic
  6383 | D:6      | Found an ornate altar of the Wu Jian Council.
  6535 | D:6      | Killed a kobold demonologist
  6536 | D:6      | Reached skill level 5 in Conjurations
  6536 | D:6      | Reached skill level 5 in Earth Magic
  6536 | D:6      | Reached XP level 9. HP: 69/71 MP: 10/17
  6768 | D:7      | You pick up a book of Death and begin reading...
  6768 | D:7      | You add the spells Animate Dead, Haunt and Infestation to
                  | your library.
  6917 | D:7      | Reached skill level 6 in Spellcasting
  7394 | D:7      | Found a blossoming altar of Fedhas.
  7394 | D:7      | Found an iron altar of Okawaru.
  7519 | D:7      | Reached skill level 5 in Fighting
  7675 | D:7      | Reached skill level 5 in Dodging
  7902 | D:7      | Reached * piety under Hepliaklqana
  8005 | D:8      | You pick up a book of Fire and begin reading...
  8005 | D:8      | You add the spells Foxfire, Plasma Beam and Starburst to
                  | your library.
  8120 | D:8      | Reached skill level 6 in Fighting
  8385 | D:8      | Found a flagged portal.
  8498 | Bailey   | Entered a bailey
  8503 | Bailey   | Noticed an orc warlord
  8585 | Bailey   | Reached skill level 6 in Dodging
  8764 | Bailey   | Found a runed translucent gate.
  8766 | Bailey   | Found a runed translucent gate.
  8767 | Bailey   | Found a runed translucent gate.
  8987 | Bailey   | You add the spells Summon Forest and Eringya's Noxious Bog
                  | to your library.
  9028 | D:8      | Acquired the scarf "Niell" {rC+ rF+, *Corrode rPois SInv}
  9154 | D:8      | Reached skill level 7 in Fighting
  9383 | D:8      | Reached XP level 10. HP: 59/77 MP: 16/19
  9665 | D:8      | Found a glowing golden altar of the Shining One.
  9785 | D:8      | Reached skill level 8 in Fighting
  9964 | D:2      | Bought a book of Callings for 240 gold pieces
  9964 | D:2      | You pick up a book of Callings and begin reading...
  9964 | D:2      | You add the spells Summon Small Mammal, Call Canine
                  | Familiar and Summon Guardian Golem to your library.
  9968 | D:2      | Learned a level 3 spell: Call Canine Familiar
 10103 | D:8      | Reached skill level 1 in Summonings
 10109 | D:8      | Reached skill level 2 in Summonings
 10210 | D:8      | Reached skill level 3 in Summonings
 10359 | D:9      | Reached skill level 4 in Summonings
 10617 | D:9      | Found a staircase to the Orcish Mines.
 10735 | D:8      | Reached skill level 5 in Summonings
 10840 | D:9      | Noticed a two-headed ogre
 10849 | D:9      | Killed a two-headed ogre
 10850 | D:9      | Reached skill level 6 in Summonings
 10976 | D:9      | Reached ** piety under Hepliaklqana
 10977 | D:9      | Remembered your ancestor Louis as a knight
 11044 | D:9      | Reached skill level 7 in Summonings
 11300 | D:9      | Reached skill level 8 in Summonings
 11386 | D:9      | Noticed a two-headed ogre
 11386 | D:9      | Noticed an eight-headed hydra
 11395 | D:9      | Learned a level 3 spell: Summon Guardian Golem
 11408 | D:9      | Killed an eight-headed hydra
 11408 | D:9      | Killed a two-headed ogre
 11409 | D:9      | Reached skill level 9 in Summonings
 11409 | D:9      | Reached XP level 11. HP: 84/84 MP: 8/20
 11415 | D:9      | Learned a level 5 spell: Summon Forest
 12021 | D:5      | Reached skill level 1 in Translocations
 12028 | D:5      | Reached skill level 2 in Translocations
 12064 | D:5      | Reached skill level 3 in Translocations
 12167 | D:5      | Reached skill level 4 in Translocations
 12384 | D:6      | Killed WhatIsLove's ghost
 12385 | D:6      | Reached skill level 5 in Translocations
 12794 | D:10     | Entered Level 10 of the Dungeon
 12966 | D:10     | Found an opulent altar of Gozag.
 12996 | D:10     | Reached skill level 6 in Translocations
 13373 | D:10     | Reached skill level 10 in Summonings
 13466 | D:10     | You pick up a book of Iron and begin reading...
 13466 | D:10     | You add the spells Summon Lightning Spire and Lee's Rapid
                  | Deconstruction to your library.
 13536 | D:10     | Learned a level 4 spell: Summon Lightning Spire
 13548 | D:10     | Noticed a two-headed ogre
 13561 | D:10     | Killed a two-headed ogre
 13562 | D:10     | Reached skill level 1 in Air Magic
 13803 | D:10     | Found a radiant altar of Vehumet.
 13806 | D:10     | Got a murmuring book
 13808 | D:10     | Found an ancient bone altar of Kikubaaqudgha.
 13809 | D:10     | Found a shimmering blue altar of Sif Muna.
 13887 | D:11     | Found a staircase to the Lair.
 13888 | D:11     | Noticed an oklob plant
 13888 | D:11     | Noticed an oklob plant
 13894 | D:11     | Killed an oklob plant
 13895 | D:11     | Reached skill level 2 in Air Magic
 14113 | D:11     | Reached skill level 7 in Spellcasting
 14191 | D:11     | Identified the +4 dagger "Qohuc" {elec, Drain rPois rCorr
                  | Dex+3 Stlth+}
 14230 | D:11     | Reached skill level 3 in Air Magic
 14549 | D:11     | You pick up a book of Cantrips and begin reading...
 14549 | D:11     | You add the spells Necrotise and Apportation to your
                  | library.
 14921 | D:11     | Killed an oklob plant
 15130 | Lair:1   | Entered Level 1 of the Lair of Beasts
 15133 | Lair:1   | magus.rc [v1.9.6]
 15146 | Lair:1   | Reached *** piety under Hepliaklqana
 15206 | Lair:1   | Reached skill level 4 in Air Magic
 15283 | Lair:1   | Noticed Gastronok
 15288 | Lair:1   | Reached XP level 12. HP: 90/90 MP: 7/23
 15292 | Lair:1   | Reached skill level 8 in Spellcasting
 15301 | Lair:1   | Killed Gastronok
 15302 | Lair:1   | Reached skill level 7 in Dodging
 16077 | Lair:1   | magus.rc [v1.9.6]
 16158 | Lair:2   | Reached skill level 8 in Dodging
 16247 | Lair:2   | Noticed Harold
 16249 | Lair:2   | Noticed a boulder beetle
 16260 | Lair:2   | Killed Harold
 16261 | Lair:2   | Reached skill level 1 in Invocations
 16261 | Lair:2   | Reached skill level 1 in Evocations
 16263 | Lair:2   | Killed a boulder beetle
 16264 | Lair:2   | Reached skill level 2 in Invocations
 16264 | Lair:2   | Reached skill level 2 in Evocations
 16298 | Lair:2   | Reached skill level 3 in Invocations
 16306 | Lair:2   | Reached skill level 3 in Evocations
 16309 | Lair:2   | Found a frozen archway.
 16423 | IceCv    | Entered an ice cave
 16427 | IceCv    | Reached skill level 4 in Invocations
 16430 | IceCv    | Reached skill level 4 in Evocations
 16514 | IceCv    | Reached skill level 1 in Staves
 16603 | IceCv    | Noticed a death yak
 16604 | IceCv    | Noticed a death yak
 16605 | IceCv    | Noticed a death yak
 16612 | IceCv    | Killed a death yak
 16613 | IceCv    | Reached skill level 2 in Staves
 16613 | IceCv    | Killed a death yak
 16614 | IceCv    | Reached skill level 3 in Staves
 16614 | IceCv    | Reached skill level 5 in Evocations
 16616 | IceCv    | Killed a death yak
 16783 | IceCv    | Reached skill level 4 in Staves
 16788 | IceCv    | Reached skill level 6 in Evocations
 17105 | IceCv    | Reached XP level 13. HP: 97/97 MP: 21/25
 17188 | IceCv    | Reached skill level 9 in Fighting
 17674 | IceCv    | Noticed a frost giant
 17687 | IceCv    | Reached skill level 10 in Fighting
 17694 | IceCv    | Killed a frost giant
 17862 | IceCv    | Identified the +8 trident "Moij" {protect, rPois rCorr
                  | Dex-2 SInv}
 18011 | Lair:2   | magus.rc [v1.9.6]
 18035 | Lair:2   | Reached **** piety under Hepliaklqana
 18268 | Lair:2   | Reached skill level 9 in Dodging
 18477 | Lair:2   | Found a staircase to the Snake Pit.
 18478 | Lair:2   | Acquired the +3 pair of seven-league boots {Rampage+โˆž}
 18478 | Lair:2   | Found the +3 pair of seven-league boots {Rampage+โˆž}
 18528 | Lair:2   | Found a runed translucent door.
 18528 | Lair:2   | Noticed JaaP's ghost (journeyman HOBe)
 19324 | Lair:3   | magus.rc [v1.9.6]
 19345 | Lair:3   | Reached skill level 10 in Dodging
 19441 | Lair:3   | Reached skill level 1 in Long Blades
 19536 | Lair:3   | Reached skill level 2 in Long Blades
 19562 | Lair:3   | Found a staircase to the Swamp.
 19654 | Lair:3   | Identified the +0 plate armour of the Harp {rElec Will+}
 19701 | Lair:3   | You pick up a book of the Tundra and begin reading...
 19701 | Lair:3   | You add the spells Hailstorm and Simulacrum to your
                  | library.
 19782 | Lair:3   | Reached skill level 3 in Long Blades
 19950 | Lair:3   | You add the spells Slow, Cigotuvi's Dreadful Rot and
                  | Arcjolt to your library.
 19950 | Lair:3   | Got a quivering book
 20456 | Lair:4   | Found a transporter.
 20538 | Lair:4   | Reached skill level 4 in Long Blades
 20557 | Lair:4   | Noticed a tentacled starspawn
 20558 | Lair:4   | Found a transporter.
 20560 | Lair:4   | Noticed Zenatt's ghost (journeyman TrFi)
 20630 | Lair:4   | Reached ***** piety under Hepliaklqana
 20724 | Lair:4   | Noticed Sonja
 20731 | Lair:4   | Killed Sonja
 20874 | Lair:4   | Noticed Urug
 20887 | Lair:4   | Killed Urug
 20888 | Lair:4   | Reached skill level 5 in Long Blades
 21034 | Lair:4   | Found a one-way gate to the infinite horrors of the Abyss.
 21109 | Lair:4   | Found a staircase to the Slime Pits.
 21321 | Lair:4   | Reached skill level 6 in Long Blades
 21640 | Lair:4   | Reached skill level 7 in Long Blades
 21774 | Lair:5   | Entered Level 5 of the Lair of Beasts
 21876 | Lair:5   | Reached XP level 14. HP: 96/108 MP: 24/26
 21885 | Lair:5   | Found a dark tunnel.
 21907 | Volcano  | Entered a volcano
 22044 | Volcano  | Reached skill level 8 in Long Blades
 22061 | Volcano  | You pick up a book of Callings and begin reading...
 22861 | Lair:5   | Reached skill level 9 in Long Blades
 23058 | Lair:5   | Reached skill level 10 in Long Blades
 23594 | Lair:5   | Got an odd book
 23821 | Orc:1    | Entered Level 1 of the Orcish Mines
 24359 | Orc:2    | Entered Level 2 of the Orcish Mines
 24371 | Orc:2    | Reached skill level 11 in Long Blades
 24439 | Orc:2    | Found a staircase to the Elven Halls.
 24999 | Orc:1    | magus.rc [v1.9.6]
 25311 | Orc:2    | Reached skill level 12 in Long Blades
 25632 | Orc:2    | Found Dimmejeq's Book Emporium.
 25632 | Orc:2    | Found Gugg's Book Shop.
 25634 | Orc:2    | Found Feladewk's Distillery.
 25636 | Orc:2    | Found Laocuca's Book Shoppe.
 25653 | Orc:2    | Bought a potion of haste for 160 gold pieces
 25653 | Orc:2    | Bought a potion of heal wounds for 80 gold pieces
 25653 | Orc:2    | Bought a potion of heal wounds for 80 gold pieces
 25653 | Orc:2    | Bought a potion of magic for 128 gold pieces
 25653 | Orc:2    | Bought a potion of magic for 128 gold pieces
 25653 | Orc:2    | Bought a potion of curing for 48 gold pieces
 25653 | Orc:2    | Bought a potion of curing for 48 gold pieces
 25656 | Orc:2    | Bought a book of Vapours for 312 gold pieces
 25656 | Orc:2    | You pick up a book of Vapours and begin reading...
 25656 | Orc:2    | You add the spells Mephitic Cloud and Freezing Cloud to
                  | your library.
 25662 | Orc:2    | Learned a level 5 spell: Freezing Cloud
 26181 | D:12     | Reached skill level 5 in Ice Magic
 26290 | D:12     | Noticed Kirke
 26306 | D:12     | Killed Kirke
 26602 | D:12     | HP: 4/108 [large slime creature (34)]
 27147 | D:12     | Reached skill level 6 in Ice Magic
 27155 | D:12     | Reached skill level 6 in Conjurations
 27428 | D:12     | Found an iron altar of Okawaru.
 27536 | D:12     | Identified the +3 long sword of the Thoughtful Lives
                  | {heavy, rElec rF- Str+4 Int+3}
 27661 | D:13     | Reached XP level 15. HP: 82/113 MP: 14/27
 27728 | D:13     | Identified the +0 pair of boots of the Fletcher {Drain
                  | rPois rN+ Dex+8}
 27766 | D:13     | You pick up a book of the Earth and begin reading...
 27766 | D:13     | You add the spells Leda's Liquefaction and Bombard to your
                  | library.
 28050 | D:13     | Found a runed translucent gate.
 28051 | D:13     | Found a runed translucent gate.
 28051 | D:13     | Found a runed translucent gate.
 28069 | D:13     | Noticed Helis's ghost (journeyman MfIE)
 28194 | D:13     | Found Been's Book Shoppe.
 28394 | D:13     | magus.rc [v1.9.6]
 28451 | D:14     | Reached ****** piety under Hepliaklqana
 28636 | D:14     | Reached skill level 7 in Ice Magic
 29283 | D:14     | Reached skill level 7 in Conjurations
 29319 | D:14     | Found a gate to the Vaults.
 29413 | D:15     | Entered Level 15 of the Dungeon
 29490 | D:15     | Found a gate leading to a gauntlet.
 29497 | D:15     | Noticed Nessos
 29500 | Gauntlet | Entered a Gauntlet
 29500 | Gauntlet | Found a large runed translucent door.
 29500 | Gauntlet | Found a large runed translucent door.
 29500 | Gauntlet | Found a large runed translucent door.
 29500 | Gauntlet | Found a large runed translucent door.
 29500 | Gauntlet | Found a large runed translucent door.
 29500 | Gauntlet | Found a large runed translucent door.
 29500 | Gauntlet | Found a runed translucent door.
 29500 | Gauntlet | Found a transporter.
 29500 | Gauntlet | Found a transporter.
 29500 | Gauntlet | Found a runed translucent door.
 29500 | Gauntlet | Found a large runed translucent door.
 29500 | Gauntlet | Found a large runed translucent door.
 29500 | Gauntlet | Found a large runed translucent door.
 29500 | Gauntlet | Found a large runed translucent door.
 29500 | Gauntlet | Found a large runed translucent door.
 29500 | Gauntlet | Found a large runed translucent door.
 29519 | Gauntlet | Found a transporter.
 29519 | Gauntlet | Found a transporter.
 29523 | Gauntlet | Found a large runed translucent door.
 29523 | Gauntlet | Found a large runed translucent door.
 29524 | Gauntlet | Found a runed translucent gate.
 29524 | Gauntlet | Found a runed translucent gate.
 29524 | Gauntlet | Found a runed translucent gate.
 29526 | Gauntlet | Found a transporter.
 29541 | Gauntlet | Found a transporter.
 29548 | Gauntlet | Found a transporter.
 29579 | Gauntlet | Found a transporter.
 29582 | Gauntlet | Found a transporter.
 29596 | Gauntlet | Found a transporter.
 29608 | Gauntlet | Found a transporter.
 29648 | Gauntlet | Found a large runed translucent door.
 29649 | Gauntlet | Found a large runed translucent door.
 29675 | Gauntlet | Found a transporter.
 29694 | Gauntlet | Found a transporter.
 29707 | Gauntlet | Found a transporter.
 29803 | Gauntlet | Found a transporter.
 29817 | Gauntlet | Found a transporter.
 30078 | Gauntlet | Acquired 380 gold pieces
 30126 | Gauntlet | Identified the ring "Huxapag" {Wiz Will+ Int+3 Dex-3}
 30200 | Gauntlet | Identified the +8 great mace of the Wraith {freeze, rPois
                  | Str+3 Int+2}
 30304 | D:15     | Killed Nessos
 30305 | D:15     | Reached skill level 1 in Shields
 30544 | D:15     | Reached skill level 2 in Shields
 30890 | D:15     | Reached skill level 3 in Shields
 31134 | D:15     | Found a radiant altar of Vehumet.
 31267 | D:15     | Reached skill level 4 in Shields
 31375 | D:15     | Found a staircase to the Depths.
 31381 | D:15     | Identified the +2 scale mail "Akhly" {Regen+ rCorr Str-2}
 31463 | D:15     | You add the spells Ignition and Discord to your library.
 31509 | D:15     | Got a fusty book
 31656 | D:15     | Reached skill level 11 in Dodging
 31657 | D:15     | Reached skill level 5 in Shields
 31804 | D:15     | Found a shimmering altar of Xom.
 32042 | Snake:1  | Entered Level 1 of the Snake Pit
 32497 | Snake:1  | You fall into a shaft and drop 1 floor!
 32628 | Snake:1  | Reached skill level 6 in Shields
 32811 | Snake:1  | You pick up a book of Frost and begin reading...
 33561 | Snake:2  | Reached skill level 8 in Ice Magic
 33592 | Snake:2  | Noticed a nagaraja
 33602 | Snake:2  | Killed a nagaraja
 33747 | Snake:2  | Reached skill level 12 in Dodging
 34016 | Snake:2  | Reached XP level 16. HP: 116/121 MP: 28/28
 35730 | Snake:3  | magus.rc [v1.9.6]
 35745 | Snake:3  | Reached skill level 9 in Ice Magic
 35906 | Snake:3  | Reached skill level 11 in Fighting
 36003 | Snake:3  | Noticed Jorgrun
 36017 | Snake:3  | Killed Jorgrun
 37085 | Snake:4  | Entered Level 4 of the Snake Pit
 37277 | Snake:4  | Reached skill level 10 in Ice Magic
 37425 | Snake:4  | Found a shimmering altar of Xom.
 37537 | Snake:4  | You pick up a book of Callings and begin reading...
 37701 | Snake:4  | You pick up a book of Spectacle and begin reading...
 37701 | Snake:4  | You add the spells Volatile Blastmotes, Dazzling Flash and
                  | Maxwell's Capacitive Coupling to your library.
 37714 | Snake:4  | Reached skill level 13 in Dodging
 37716 | Snake:4  | Reached skill level 12 in Fighting
 37854 | Snake:4  | Found a huge runed translucent gate.
 37854 | Snake:4  | Found a huge runed translucent gate.
 37855 | Snake:4  | Found a huge runed translucent gate.
 37855 | Snake:4  | Found a huge runed translucent gate.
 37855 | Snake:4  | Found a huge runed translucent gate.
 37996 | Snake:4  | Acquired a +2 antimagic double sword
 37997 | Snake:4  | h - a +2 antimagic double sword {longrare=g}
 38519 | Snake:4  | your +2 antimagic double sword {longrare=g} projects an
                  | invisible shield of force!
 38519 | Snake:4  | h - a +2 double sword of protection {longrare=g}
 38520 | Snake:4  | your +2 double sword of protection {longrare=g} drips with
                  | poison.
 38520 | Snake:4  | h - a +2 double sword of venom {longrare=g}
 38521 | Snake:4  | your +2 double sword of venom {longrare=g} acquires a faint
                  | afterimage.
 38521 | Snake:4  | h - a +2 spectral double sword {longrare=g}
 38522 | Snake:4  | your +2 spectral double sword {longrare=g} becomes
                  | incredibly heavy!
 38522 | Snake:4  | h - a +2 heavy double sword {longrare=g}
 38573 | Snake:4  | Reached skill level 13 in Fighting
 38898 | Snake:4  | Learned a level 4 spell: Animate Dead
 38941 | Snake:4  | Reached XP level 17. HP: 121/135 MP: 27/29
 39064 | Snake:4  | Reached skill level 14 in Dodging
 39296 | Snake:4  | Got a serpentine rune of Zot
 39663 | Swamp:1  | Entered Level 1 of the Swamp
 39682 | Lair:3   | magus.rc [v1.9.6]
 39703 | Swamp:1  | Reached skill level 1 in Necromancy
 39742 | Swamp:1  | Reached skill level 14 in Fighting
 39749 | Swamp:1  | Reached skill level 2 in Necromancy
 40160 | Swamp:1  | Noticed Roxanne
 40446 | Swamp:2  | Reached skill level 7 in Shields
 41164 | Swamp:3  | Reached skill level 13 in Long Blades
 41165 | Swamp:3  | Reached skill level 8 in Shields
 41169 | Swamp:3  | Noticed a tentacled monstrosity
 41184 | Swamp:3  | Killed a tentacled monstrosity
 41198 | Swamp:3  | Noticed Mlioglotl
 41514 | Swamp:3  | Paralysed by a fenstrider witch for 5 turns
 41544 | Swamp:3  | Killed Mlioglotl
 41829 | Swamp:3  | Noticed Louise
 41857 | Swamp:3  | Killed Louise
 42230 | Swamp:4  | Entered Level 4 of the Swamp
 42243 | Swamp:3  | Learned a level 2 spell: Wereblood
 42247 | Swamp:4  | You pick up a book of Spatial Translocations and begin
                  | reading...
 42247 | Swamp:4  | You add the spells Blink, Momentum Strike and Lesser
                  | Beckoning to your library.
 42317 | Swamp:4  | You pick up a book of Alchemy and begin reading...
 42317 | Swamp:4  | You add the spells Petrify and Irradiate to your library.
 42326 | Swamp:4  | Reached skill level 9 in Shields
 42707 | Swamp:4  | Reached skill level 14 in Long Blades
 42892 | Swamp:4  | magus.rc [v1.9.6]
 42917 | Swamp:4  | Reached skill level 10 in Shields
 43141 | Swamp:4  | Reached XP level 18. HP: 144/144 MP: 21/30
 43244 | Swamp:4  | Reached skill level 11 in Shields
 43339 | Swamp:4  | Got a decaying rune of Zot
 43437 | Lair:3   | magus.rc [v1.9.6]
 43623 | Vaults:1 | Entered Level 1 of the Vaults
 43901 | D:14     | Reached skill level 12 in Shields
 44266 | Vaults:1 | magus.rc [v1.9.6]
 44328 | Vaults:1 | Reached skill level 13 in Shields
 44928 | Vaults:1 | Noticed Saint Roka
 44969 | Vaults:1 | Killed Saint Roka
 44970 | Vaults:1 | Reached skill level 14 in Shields
 45227 | Vaults:1 | Found Diukum's Magic Scroll Shop.
 45239 | Vaults:1 | Bought a scroll of blinking for 135 gold pieces
 45239 | Vaults:1 | Bought a scroll of revelation for 135 gold pieces
 45239 | Vaults:1 | Bought a scroll of revelation for 135 gold pieces
 45382 | Vaults:1 | You pick up a book of Necromancy and begin reading...
 45652 | Vaults:1 | Reached skill level 15 in Shields
 46004 | Vaults:1 | magus.rc [v1.9.6]
 46272 | Vaults:2 | Found Lall's Antique Armour Emporium.
 46621 | Vaults:2 | HP: 32/144 [ironbound thunderhulk/bolt of lightning (40)]
 46949 | Vaults:2 | Reached XP level 19. HP: 151/151 MP: 31/31
 47093 | Vaults:2 | Found an ancient bone altar of Kikubaaqudgha.
 47095 | Vaults:2 | Found a staircase to the Crypt.
 47100 | Vaults:2 | Found a basalt altar of Yredelemnul.
 47382 | Vaults:2 | Reached skill level 15 in Fighting
 47697 | Vaults:2 | magus.rc [v1.9.6]
 47775 | Vaults:3 | Learned a level 5 spell: Irradiate
 47839 | Vaults:3 | Reached skill level 1 in Transmutations
 47888 | Vaults:3 | Reached skill level 2 in Transmutations
 48073 | Vaults:3 | Reached skill level 3 in Transmutations
 48160 | Vaults:3 | Reached skill level 8 in Conjurations
 48274 | Vaults:3 | Reached skill level 4 in Transmutations
 48357 | Vaults:3 | Noticed Boris
 48362 | Vaults:3 | Reached skill level 5 in Transmutations
 48368 | Vaults:3 | Killed Boris
 48488 | Vaults:3 | Reached skill level 6 in Transmutations
 48561 | Vaults:3 | Reached skill level 9 in Spellcasting
 49054 | Vaults:3 | Reached skill level 10 in Spellcasting
 49054 | Vaults:3 | Reached skill level 5 in Air Magic
 49199 | Vaults:3 | Noticed Frederick
 49200 | Vaults:3 | You fall into a shaft and drop 1 floor!
 49304 | Vaults:4 | Noticed Boris
 49467 | Vaults:4 | Found Yqadecva's Antique Weapon Boutique.
 49724 | Vaults:3 | HP: 29/153 [spellforged servitor/iron shot[Frederick] (91)]
 49824 | Vaults:2 | magus.rc [v1.9.6]
 50086 | Vaults:3 | Killed Frederick
 50087 | Vaults:3 | Reached skill level 3 in Necromancy
 50170 | Vaults:3 | Reached skill level 4 in Necromancy
 50423 | Vaults:4 | Reached skill level 5 in Necromancy
 50494 | Vaults:4 | magus.rc [v1.9.6]
 50502 | Vaults:4 | Reached skill level 15 in Dodging
 50775 | Vaults:4 | Killed Boris
 51243 | Vaults:4 | Gained mutation: You are agile. (Dex +4, Str/Int -1)
                  | [potion of mutation]
 51588 | Elf:1    | Entered Level 1 of the Elven Halls
 51656 | Elf:1    | Reached XP level 20. HP: 155/162 MP: 34/34
 51712 | Elf:1    | Reached skill level 16 in Fighting
 51713 | Elf:1    | Noticed Donald
 51728 | Elf:1    | Killed Donald
 51729 | Elf:1    | Paralysed by an air elemental for 1 turns
 51733 | Elf:1    | Paralysed by an air elemental for 1 turns
 51739 | Elf:1    | Paralysed by an air elemental for 1 turns
 51791 | Elf:1    | Paralysed by an air elemental for 1 turns
 51891 | Elf:1    | Noticed Zenata
 51911 | Elf:1    | Killed Zenata
 51914 | Elf:1    | a +2 triple sword {longrare=g}; a +3 ring mail of cold
                  | resistance
 51922 | Elf:1    | a +2 triple sword {longrare=g}; a +3 ring mail of cold
                  | resistance
 51926 | Elf:1    | a +2 triple sword {longrare=g}; a +3 ring mail of cold
                  | resistance
 51927 | Elf:1    | Reached skill level 16 in Dodging
 51940 | Elf:1    | Y - a +2 triple sword {longrare=g}
 52047 | Elf:1    | Got a quivering book
 52153 | Elf:1    | magus.rc [v1.9.6]
 52153 | Elf:1    | magus.rc [v1.9.6]
 52275 | Elf:1    | Identified the ring "Jexeahou" {rF- AC+4 Dex+3}
 52279 | Elf:1    | You drop a +2 triple sword {longrare=g}.
 52464 | Elf:2    | You pick up a book of Spectacle and begin reading...
 52559 | Elf:2    | Found Pucvojopek's Antique Weapon Boutique.
 52561 | Elf:2    | Found Ysoj's Jewellery Shop.
 52564 | Elf:2    | Found Lighun's Armour Boutique.
 52589 | Elf:2    | You add the spells Flame Wave and Shatter to your library.
 52589 | Elf:2    | Got a foxed book
 52755 | Elf:2    | Noticed Azrael
 52764 | Elf:2    | Killed Azrael
 52966 | Elf:2    | Found a runed translucent gate.
 53055 | Elf:2    | Found a runed translucent gate.
 53060 | Elf:2    | Found a runed translucent gate.
 53220 | Elf:3    | Entered Level 3 of the Elven Halls
 53243 | Elf:3    | Noticed Mara
 53245 | Elf:3    | Noticed MackTheKnife's illusion
 53256 | Elf:3    | Reached skill level 17 in Dodging
 53290 | Elf:3    | Killed Mara
 53338 | Elf:3    | Found a flickering gateway to a bazaar.
 53344 | Bazaar   | Entered a bazaar
 53344 | Bazaar   | Found Xeqay's General Store.
 53387 | Bazaar   | Found Nizit's Book Shoppe.
 53410 | Bazaar   | Found Porogimm's Distillery.
 53418 | Bazaar   | Bought a potion of resistance for 140 gold pieces
 53421 | Bazaar   | Found Jirogyg's Antique Armour Emporium.
 53429 | Bazaar   | Found Pebel's Antique Weapon Emporium.
 53445 | Bazaar   | Bought a glowing kite shield for 187 gold pieces
 53457 | Bazaar   | Bought a potion of might for 56 gold pieces
 53457 | Bazaar   | Bought a potion of magic for 112 gold pieces
 53457 | Bazaar   | Bought a potion of mutation for 112 gold pieces
 53922 | Elf:3    | Learned a level 5 spell: Yara's Violent Unravelling
 53939 | Elf:3    | Reached skill level 1 in Hexes
 53977 | Elf:3    | Reached skill level 2 in Hexes
 54094 | Elf:3    | Reached skill level 3 in Hexes
 54120 | Elf:3    | Reached skill level 4 in Hexes
 54293 | Elf:3    | Reached skill level 5 in Hexes
 54420 | Elf:3    | Reached skill level 6 in Hexes
 54525 | Elf:3    | Identified the staff of Hubris {rPois Str+3 Stlth+ Poison}
 54561 | Elf:3    | Identified the ring "Kixkuz" {rF+ Str+6}
 54613 | Elf:3    | Reached skill level 7 in Hexes
 54689 | Elf:3    | W - a +0 quick blade {shortrare=g}
 54689 | Elf:3    | Y - a +0 quick blade {shortrare=g}
 54835 | Elf:3    | You pick up a book of Touch and begin reading...
 54835 | Elf:3    | You add the spells Kiss of Death, Confusing Touch and
                  | Dispel Undead to your library.
 54853 | Elf:3    | Identified the +8 war axe of Nemelex Xobeh's Pride {speed,
                  | Fly rC+}
 54875 | Elf:3    | Identified the +0 plate armour "Nil Ruam" {Contam Rampage
                  | +Blink rF+}
 54939 | Elf:3    | You add the spells Ensorcelled Hibernation and Fulminant
                  | Prism to your library.
 54939 | Elf:3    | Got an inconspicuous book
 54944 | Elf:3    | Identified the +8 rapier "Hydrabane" {venom, rPois Will+
                  | rCorr Int+3}
 54945 | Elf:3    | You drop a +0 quick blade {shortrare=g}.
 54981 | Elf:3    | Identified the ring of Cant {rElec Dex+5 SInv}
 54983 | Elf:3    | You drop a +0 quick blade {shortrare=g}.
 54990 | Elf:3    | o - a +0 quick blade {shortrare=g}
 55174 | Elf:3    | You drop a +2 heavy double sword {longrare=g}.
 55175 | Elf:3    | You drop a +0 quick blade {shortrare=g}.
 55182 | Elf:3    | o - a +0 quick blade {shortrare=g}
 55182 | Elf:3    | h - a +2 heavy double sword {longrare=g}
 55207 | Elf:3    | You drop a +2 heavy double sword {longrare=g}.
 55208 | Elf:3    | You drop a +0 quick blade {shortrare=g}.
 55513 | Depths:1 | Entered Level 1 of the Depths
 55542 | Depths:1 | Reached XP level 21. HP: 146/169 MP: 22/35
 55610 | Depths:1 | magus.rc [v1.9.6]
 55670 | Depths:1 | Reached skill level 8 in Hexes
 55900 | Depths:1 | Found a gateway to Hell.
 56035 | Depths:1 | Reached skill level 18 in Dodging
 56304 | Orc:2    | Bought a manual of Stealth for 960 gold pieces
 56543 | Depths:1 | Reached skill level 3 in Stealth
 56557 | Depths:1 | Reached skill level 4 in Stealth
 56581 | Depths:1 | Reached skill level 5 in Stealth
 56589 | Depths:1 | Reached skill level 6 in Stealth
 56599 | Depths:1 | Reached skill level 7 in Stealth
 56609 | Depths:1 | Reached skill level 8 in Stealth
 56845 | Depths:1 | Reached skill level 9 in Stealth
 57072 | Depths:2 | Reached skill level 10 in Stealth
 57085 | Depths:2 | Reached skill level 11 in Stealth
 57442 | Depths:2 | Found Jachaq's Antique Armour Emporium.
 57451 | Depths:2 | You fall into a shaft and drop 1 floor!
 57462 | Depths:3 | Reached skill level 12 in Stealth
 57516 | Depths:3 | Identified the +2 battleaxe of Dullness {antimagic, Str+7}
 57543 | Depths:3 | Reached skill level 13 in Stealth
 57648 | Depths:2 | Noticed Boris
 57668 | Depths:2 | Killed Boris
 57905 | Depths:2 | Found a one-way gate leading to the halls of Pandemonium.
 58100 | Depths:2 | Found an opulent altar of Gozag.
 58283 | Depths:2 | Identified the +9 long sword "Zexatuix" {drain, rElec
                  | Will+}
 58377 | Depths:3 | magus.rc [v1.9.6]
 58440 | Depths:3 | Identified a +0 crystal plate armour
 58499 | Depths:3 | o - a +0 crystal plate armour {rare=g}
 58571 | Depths:3 | Reached skill level 6 in Air Magic
 58671 | Depths:3 | Noticed a caustic shrike
 58673 | Depths:3 | Reached skill level 7 in Transmutations
 58680 | Depths:3 | Killed a caustic shrike
 58681 | Depths:3 | Reached skill level 11 in Ice Magic
 58846 | Depths:3 | Reached skill level 8 in Transmutations
 58974 | Depths:3 | Reached XP level 22. HP: 166/175 MP: 12/36
 59661 | Depths:3 | Reached skill level 17 in Fighting
 59707 | Depths:3 | You drop a +0 crystal plate armour {rare=g}.
 59710 | Depths:4 | Entered Level 4 of the Depths
 59841 | Depths:3 | magus.rc [v1.9.6]
 59965 | Depths:4 | Noticed a golden dragon
 59980 | Depths:4 | Killed a golden dragon
 60008 | Depths:4 | Reached skill level 18 in Fighting
 60049 | Depths:4 | Found a gate to the Realm of Zot.
 60165 | Depths:4 | Noticed a golden dragon
 60174 | Depths:4 | Killed a golden dragon
 60272 | Depths:4 | Reached skill level 11 in Spellcasting
 60286 | Depths:4 | Found a one-way gateway to a ziggurat.
 60436 | Depths:4 | Found an iron altar of Okawaru.
 60456 | Depths:4 | Identified the +1 plate armour of Reason {rF++ Str+3}
 60587 | Depths:4 | Noticed a juggernaut
 60601 | Depths:4 | Killed a juggernaut
 61166 | Vaults:4 | Learned a level 2 spell: Blink
 61171 | Vaults:4 | Learned a level 4 spell: Passage of Golubria
 61171 | Vaults:4 | Upgraded the game from 0.31-a0-844-gdc52ec4e09 to
                  | 0.31-a0-845-g9abc20d24f
 61171 | Vaults:4 | magus.rc [v1.9.6]
 61800 | Crypt:1  | Entered Level 1 of the Crypt
 61982 | Crypt:1  | Reached skill level 5 in Invocations
 62402 | Crypt:1  | Reached skill level 12 in Spellcasting
 62522 | Crypt:1  | Reached skill level 6 in Invocations
 62838 | Crypt:1  | Found a basalt altar of Yredelemnul.
 62887 | Crypt:1  | Reached skill level 7 in Invocations
 63179 | Crypt:2  | Reached skill level 8 in Invocations
 63265 | Crypt:2  | Noticed a curse skull
 63276 | Crypt:2  | HP: 31/181 [??? (23)]
 63400 | Crypt:2  | Killed a curse skull
 63401 | Crypt:2  | Reached skill level 7 in Evocations
 64260 | Elf:3    | o - a +0 quick blade {shortrare=g}
 64260 | Elf:3    | h - a +2 heavy double sword {longrare=g}
 64263 | Elf:3    | You drop a +0 quick blade {shortrare=g}.
 64265 | Elf:3    | your +2 heavy double sword {longrare=g} projects an
                  | invisible shield of force!
 64265 | Elf:3    | h - a +2 double sword of protection {longrare=g}
 64266 | Elf:3    | You drop a +2 double sword of protection {longrare=g}.
 64750 | Crypt:3  | Entered Level 3 of the Crypt
 64750 | Crypt:3  | Found a staircase to the Tomb.
 64776 | Crypt:3  | Reached skill level 8 in Evocations
 64916 | Crypt:3  | Reached XP level 23. HP: 188/188 MP: 39/39
 65102 | Crypt:3  | Reached skill level 14 in Stealth
 65102 | Crypt:3  | magus.rc [v1.9.6]
 65198 | Crypt:3  | Noticed Boris
 65210 | Crypt:3  | Killed Boris
 65302 | Crypt:3  | magus.rc [v1.9.6]
 65542 | Crypt:3  | HP: 47/188 [flayed ghost/flay_damage (14)]
 65831 | Crypt:3  | Found the +7 great mace "Undeadhunter" {deathbane, rN+}
 65875 | Crypt:3  | Reached skill level 19 in Dodging
 66163 | Crypt:3  | You pick up a book of Blood and begin reading...
 66243 | Crypt:3  | Identified the ring of the Present {*Corrode Fly rF+ Int+4}
 66248 | Crypt:3  | You pick up a book of Frost and begin reading...
 66251 | Crypt:3  | Identified the +6 ring mail of the Unseen Realm {Harm Fly
                  | Int-3 Dex+3}
 66398 | Crypt:3  | Identified the ring of Tazxec {rF++ rN+ Stlth+}
 66398 | Crypt:3  | Identified the ring of Loacer {rN+ Int+5}
 67038 | Orc:2    | Bought a book of Decay for 360 gold pieces
 67038 | Orc:2    | You pick up a book of Decay and begin reading...
 67046 | Orc:2    | Learned a level 6 spell: Death Channel
 67371 | Vaults:4 | magus.rc [v1.9.6]
 67371 | Vaults:4 | magus.rc [v1.9.6]
 67391 | Vaults:4 | magus.rc [v1.9.6]
 67391 | Vaults:4 | magus.rc [v1.9.6]
 67391 | Vaults:4 | magus.rc [v1.9.6]
 67391 | Vaults:4 | magus.rc [v1.9.6]
 67391 | Vaults:4 | magus.rc [v1.9.6]
 67391 | Vaults:4 | magus.rc [v1.9.6]
 67391 | Vaults:4 | magus.rc [v1.9.6]
 67391 | Vaults:4 | magus.rc [v1.9.6]
 67391 | Vaults:4 | magus.rc [v1.9.6]
 67391 | Vaults:4 | magus.rc [v1.9.6]
 67898 | Vaults:5 | Entered Level 5 of the Vaults
 68025 | Vaults:5 | Noticed a dread lich
 68063 | Vaults:5 | Killed a dread lich
 68064 | Vaults:5 | Reached skill level 6 in Necromancy
 68087 | Vaults:5 | Reached skill level 7 in Necromancy
 68129 | Vaults:5 | Identified the ring "Eson" {Fly Str+4 Int+3 Dex+2 Slay+3}
 68217 | Vaults:5 | magus.rc [v1.9.6]
 68314 | Vaults:5 | You pick up a book of the Wilderness and begin reading...
 68352 | Vaults:5 | Reached skill level 8 in Necromancy
 68401 | Vaults:5 | You add the spells Scorch and Fire Storm to your library.
 68401 | Vaults:5 | Got an ancient book
 68530 | Vaults:5 | You pick up a book of Burglary and begin reading...
 68563 | Vaults:5 | Reached skill level 9 in Necromancy
 68621 | Vaults:5 | Noticed an ancient lich
 68631 | Vaults:5 | Reached skill level 10 in Necromancy
 68654 | Vaults:5 | Killed an ancient lich
 68700 | Vaults:5 | Reached skill level 20 in Dodging
 68798 | Vaults:5 | Reached XP level 24. HP: 194/194 MP: 33/39
 68841 | Vaults:5 | Identified the ring of Kaacsakh {Fire Str+2 Dex+2}
 69021 | Vaults:5 | Noticed an ancient lich
 69038 | Vaults:5 | Killed an ancient lich
 69185 | Vaults:5 | Noticed an ancient lich
 69199 | Vaults:5 | Identified +0 gold dragon scales
 69199 | Vaults:5 | Killed an ancient lich
 69288 | Vaults:5 | You pick up a book of Death and begin reading...
 69406 | Vaults:5 | Reached skill level 19 in Fighting
 69555 | Vaults:5 | Identified the +2 quarterstaff "Lokem" {speed, Stlth+}
 69555 | Vaults:5 | Identified the +0 leather armour "Yben" {Will++ MP+9 Int-4
                  | Stlth+}
 69576 | Vaults:5 | Got a silver rune of Zot
 69579 | Vaults:5 | Identified the staff of the Howling Gods {rElec Str+2
                  | Stlth+ Air}
 69929 | Vaults:5 | Identified the +0 longbow of the Everdark {elec, *Slow
                  | Str+4 Stlth+}
 70350 | Zot:1    | Entered Level 1 of the Realm of Zot
 70416 | Zot:1    | You pick up a book of Hexes and begin reading...
 70416 | Zot:1    | You add the spells Anguish, Cause Fear and Enfeeble to your
                  | library.
 70421 | Zot:1    | quicksilver dragon scales {rare}; a quicksilver dragon
                  | corpse
 70425 | Zot:1    | quicksilver dragon scales {rare}; a quicksilver dragon
                  | corpse
 70486 | Zot:1    | quicksilver dragon scales {rare}; a quicksilver dragon
                  | corpse
 70544 | Zot:2    | Reached skill level 20 in Fighting
 70699 | Zot:3    | Reached skill level 9 in Invocations
 70789 | Zot:3    | Reached skill level 10 in Invocations
 71042 | Zot:3    | Reached skill level 11 in Invocations
 71120 | Zot:5    | Entered Level 5 of the Realm of Zot
 71123 | Zot:5    | Noticed a dread lich
 71198 | Zot:5    | Reached skill level 12 in Invocations
 71690 | Zot:5    | Noticed an ancient lich
 71690 | Zot:5    | Noticed an orb of fire
 71690 | Zot:5    | Noticed a Killer Klown
 71690 | Zot:5    | Noticed an electric golem
 71691 | Zot:5    | Noticed a Killer Klown
 71691 | Zot:5    | Noticed an orb of fire
 71691 | Zot:5    | Noticed an ancient lich
 71694 | Zot:5    | Got the Orb of Zot
 71957 | D:13     | Noticed Xouchaah the pandemonium lord
 72033 | D:10     | Noticed Gywkes the pandemonium lord
 72253 | D:$      | Escaped with the Orb!

Vanquished Creatures
  A dread lich (Vaults:5)
  2 ancient liches (Vaults:5)
  Mara (Elf:3)
  Saint Roka (Vaults:1)
  A caustic shrike (shapeshifter) (Depths:3)
  4 golden dragons
  Jorgrun (Snake:3)
  Zenata (Elf:1)
  An Orb Guardian (Zot:5)
  Mlioglotl (Swamp:3)
  5 tentacled monstrosities
  A spectral shard shrike (Crypt:3)
  A deep elf blademaster (Elf:3)
  2 titans
  A quicksilver dragon (Zot:2)
  4 liches
  5 deep elf master archers
  5 sphinxes
  2 ancient champions (Crypt:3)
  A thorn hunter (Swamp:3)
  3 death cobs
  4 tengu reavers
  Donald (Elf:1)
  Kirke (D:12)
  5 shadow dragons
  3 draconian monks
  2 storm dragons
  A fenstrider witch (shapeshifter) (Depths:3)
  2 revenants (Crypt:3)
  3 nagarajas
  10 vault wardens
  3 draconian knights
  4 fire giants
  7 deep elf sorcerers
  An iron dragon (Vaults:5)
  An iron dragon (shapeshifter) (Depths:3)
  4 draconian scorchers
  A frost giant (Depths:3)
  2 deep elf elementalists (Elf:3)
  A cacodemon (Zot:5)
  A curse skull (Crypt:2)
  3 draconian annihilators
  An orc warlord (Vaults:3)
  A draconian shifter (Zot:3)
  6 stone giants
  A formless jellyfish (Vaults:2)
  2 draconian stormcallers
  A quicksilver ooze (shapeshifter) (Depths:3)
  7 ghouls
  A stone giant (shapeshifter) (Depths:3)
  6 ironbound preservers
  4 vampire knights
  3 green draconians
  A war gargoyle (Depths:3)
  4 ironbound thunderhulks
  Nessos (D:15)
  5 deep elf demonologists
  3 black draconians
  19 very ugly things
  A lorocyproca (Depths:3)
  An eleionoma (Swamp:2)
  8 dire elephants
  Azrael (Elf:2)
  5 bunyips
  10 deep elf annihilators
  2 purple draconians (Zot:5)
  4 spark wasps
  A minotaur (Gauntlet)
  3 yellow draconians
  A red draconian (Zot:5)
  5 ettins
  7 eidola
  3 white draconians (Zot:1)
  A blizzard demon (D:15)
  2 spectral quicksilver dragons (Crypt:3)
  6 fire dragons
  A spectral golden dragon (Crypt:3)
  A crystal guardian (Depths:3)
  2 spectral spriggans (Crypt:3)
  A shambling mangrove (Swamp:4)
  An elf zombie (Elf:3)
  3 deep elf death magi
  A quicksilver dragon zombie (Crypt:2)
  7 yaktaur captains
  2 jiangshi
  2 entropy weavers
  A deep elf high priest (Elf:3)
  7 great orbs of eyes
  A spectral fenstrider witch (Crypt:3)
  A quicksilver dragon skeleton (Crypt:1)
  A rakshasa (Depths:1)
  2 peacekeepers (Vaults:3)
  A juggernaut simulacrum (Depths:3)
  2 alligators (Swamp:2)
  6 ice dragons
  A catoblepas (shapeshifter) (Depths:3)
  3 catoblepae
  20 vault guards
  6 ironbound frosthearts
  11 centaur warriors
  A fenstrider witch zombie (Crypt:1)
  5 hydras (Swamp:4)
  4 spriggan air magi
  2 ghost crabs
  An ogre mage (Vaults:5)
  5 boulder beetles
  4 death yaks
  3 two-headed ogres
  9 anacondas
  9 dancing weapons
  A two-headed ogre (shapeshifter) (Vaults:2)
  A satyr (shapeshifter) (Vaults:5)
  14 naga warriors
  A tengu warrior (D:14)
  8 deep troll earth magi
  A deep troll shaman (Vaults:5)
  4 spriggan berserkers
  A spectral dire elephant (Crypt:3)
  An orc high priest (Elf:3)
  7 vampire magi
  7 naga sharpshooters
  6 shock serpents
  A spectral storm dragon (Crypt:3)
  A hell knight (D:15)
  A storm dragon zombie (Crypt:1)
  A sun demon (D:15)
  12 deep elf knights
  A soul eater (Crypt:2)
  A spectral bunyip (Crypt:3)
  4 salamander mystics
  5 shadow wraiths
  3 skeletal warriors
  An anaconda zombie (Crypt:1)
  2 iron trolls
  4 sea snakes (Depths:1)
  A sea snake (shapeshifter) (Depths:3)
  6 flayed ghosts (Crypt:3)
  A spriggan rider (Depths:2)
  2 goliath frogs (Swamp:1)
  A spriggan druid (Swamp:1)
  A spectral anaconda (Crypt:3)
  21 deep trolls
  4 naga ritualists
  A spriggan simulacrum (Crypt:3)
  8 swamp dragons
  7 lindwurms
  2 wizards
  10 harpies
  9 deep elf archers
  14 phantasmal warriors
  13 ironbound convokers
  2 necromancers
  An orc knight (Vaults:3)
  A shining eye (shapeshifter) (Vaults:5)
  An ugly thing zombie (Depths:2)
  16 deep elf zephyrmancers
  20 deep elf pyromancers
  A mana viper (Snake:3)
  A draconian zombie (Zot:3)
  4 salamanders
  An iron dragon zombie (Crypt:1)
  13 ugly things
  A stone giant zombie (Crypt:3)
  2 oklob plants (D:11)
  2 spectral ettins (Crypt:3)
  A frost giant zombie (Crypt:3)
  An eleionoma zombie (Crypt:2)
  5 will-o-the-wisps
  A manticore (Lair:5)
  3 orc sorcerers
  7 moths of wrath
  14 black mambas
  11 vault sentinels
  21 slime creatures
  8 guardian serpents
  A gargoyle (Gauntlet)
  12 naga magi
  A white draconian zombie (Zot:5)
  2 unseen horrors
  A nameless horror (Swamp:1)
  3 cane toads
  2 kobold demonologists
  2 rime drakes
  A swamp worm zombie (Crypt:1)
  A grey draconian zombie (Crypt:2)
  10 freezing wraiths
  2 komodo dragons
  18 yaktaurs
  A sea snake zombie (Crypt:2)
  A spectral naga (Crypt:3)
  2 efreet
  4 guardian mummies (Crypt:1)
  An ice devil (Depths:4)
  3 trolls
  7 polar bears
  A harpy zombie (Crypt:1)
  A spectral harpy (Crypt:3)
  A hellwing (Zot:3)
  A tyrant leech (Swamp:4)
  8 hornets
  A polar bear (shapeshifter) (D:14)
  A culicivora zombie (Crypt:3)
  Grinder (D:6)
  A harpy skeleton (Crypt:2)
  A raiju (Gauntlet)
  A satyr zombie (Crypt:3)
  A spriggan zombie (Depths:2)
  A radroach zombie (Crypt:1)
  An air elemental (Elf:2)
  10 flying skulls (Crypt:1)
  A spriggan (shapeshifter) (D:14)
  8 spriggans
  A black mamba zombie (Crypt:1)
  A hog (shapeshifter) (D:14)
  5 wyverns
  4 water elementals
  34 yaks
  4 fire elementals
  3 wraiths
  A vampire (D:11)
  2 basilisks (D:13)
  2 vampire mosquitoes (Swamp:1)
  A hog (D:12)
  7 redbacks
  A glowing shapeshifter zombie (Crypt:2)
  8 swamp worms
  17 nagas
  2 wargs
  A floating eye (shapeshifter) (Vaults:5)
  7 water moccasins
  2 hell hounds (Elf:2)
  5 swamp drakes
  An ice beast (D:5)
  A sky beast (D:7)
  A black bear (D:5)
  18 orc warriors
  9 wolves (IceCv)
  An ogre (Orc:1)
  7 boggarts
  An ogre (shapeshifter) (Depths:3)
  A snapping turtle skeleton (Crypt:2)
  12 centaurs
  4 kobold brigands
  6 bullfrogs
  2 gnoll sergeants (D:6)
  2 necrophages (Crypt:1)
  A salamander skeleton (Crypt:2)
  7 scorpions
  4 wights
  12 killer bees
  An electric eel (D:15)
  A crimson imp (D:14)
  A quasit (D:6)
  3 hounds
  A human zombie (Crypt:1)
  12 orc priests
  A jelly (D:5)
  A bullfrog skeleton (Crypt:3)
  A sleepcap (D:8)
  Ijyb (D:4)
  Jessica (D:2)
  2 iguanas
  9 orc wizards
  2 lightning spires (Gauntlet)
  An acid dragon skeleton (Crypt:1)
  A tengu skeleton (Crypt:3)
  12 gnolls
  7 adders
  3 river rats (Sewer)
  2 white imps
  A worm (D:3)
  5 dart slugs
  47 orcs
  9 ball pythons
  4 bats (D:1)
  6 endoplasms
  7 giant cockroaches
  6 goblins
  6 hobgoblins
  7 jackals
  6 quokkas
  A ball python (shapeshifter) (Vaults:5)
  A ball python skeleton (Crypt:1)
  5 frilled lizards
  A goblin zombie (Crypt:2)
  24 kobolds
  A kobold skeleton (Crypt:1)
  6 rats
  5 snaplasher vines
1210 creatures vanquished.

Vanquished Creatures (collateral kills)
  An ancient lich (Vaults:5)
  A juggernaut (Depths:4)
  Boris (4 times) (Vaults:3 Vaults:4 Depths:2 Crypt:3)
  Frederick (Vaults:3)
  2 golden dragons (Vaults:5)
  A lich (Vaults:5)
  A Hell Sentinel (Depths:3)
  4 Orb Guardians (Zot:5)
  A titan (Vaults:5)
  A sphinx (shapeshifter) (Depths:3)
  2 sphinxes
  Gastronok (Lair:1)
  3 death cobs
  A deep elf blademaster (Depths:3)
  A quicksilver dragon (Zot:1)
  An ancient champion (Crypt:3)
  A thorn hunter (Swamp:4)
  4 shadow dragons
  4 tengu reavers
  A draconian monk (Zot:2)
  A storm dragon (Zot:2)
  A fenstrider witch (Swamp:3)
  A draconian knight (Zot:1)
  8 nagarajas
  A deep elf sorcerer (Vaults:5)
  4 revenants
  3 fire giants
  An iron dragon (Vaults:5)
  A draconian scorcher (Zot:5)
  6 vault wardens
  4 frost giants
  A ghost moth (Depths:3)
  A deep elf elementalist (Depths:3)
  A spectral caustic shrike (Crypt:3)
  Louise (Swamp:3)
  3 draconian stormcallers
  An orc warlord (Vaults:3)
  2 ghouls (Crypt:3)
  2 draconian shifters
  2 ironbound thunderhulks
  2 stone giants
  6 ironbound preservers
  2 war gargoyles
  2 reapers
  10 very ugly things
  A vampire knight (Crypt:3)
  6 deep elf annihilators
  3 deep elf demonologists
  An eleionoma (Swamp:2)
  3 black draconians
  A green draconian (Zot:3)
  4 dire elephants
  4 white draconians
  A bunyip (Swamp:3)
  2 lorocyprocas
  A purple draconian (Depths:4)
  4 spark wasps
  A red draconian (Zot:3)
  3 yellow draconians
  2 ettins
  4 eidola
  A fire dragon (Depths:2)
  A crystal guardian (Depths:3)
  A deep elf death mage (Crypt:1)
  2 yaktaur captains
  3 jiangshi
  A shambling mangrove (Swamp:4)
  A deep elf high priest (Vaults:5)
  16 hydras
  2 great orbs of eyes (Vaults:3)
  4 alligators
  A spriggan skeleton (Crypt:3)
  A spriggan zombie (Crypt:2)
  3 salamander tyrants
  11 vault guards (Vaults:5)
  A juggernaut simulacrum (Depths:3)
  Harold (Lair:2)
  2 ice dragons
  3 ogre magi
  2 ghost crabs
  8 anacondas
  5 centaur warriors
  5 boulder beetles
  6 ironbound frosthearts
  2 spriggan air magi (Depths:3)
  4 dancing weapons
  2 catoblepae
  A spectral stone giant (Crypt:3)
  A two-headed ogre (D:10)
  7 death yaks
  8 naga warriors
  A deep troll earth mage (Vaults:5)
  A tengu warrior (D:15)
  Urug (Lair:4)
  2 spectral storm dragons (Crypt:3)
  A sun demon (Volcano)
  2 vampire magi
  7 deep elf knights
  2 spriggan berserkers
  A hell knight (Volcano)
  A shock serpent (Snake:4)
  2 skysharks
  Sonja (Lair:4)
  4 naga sharpshooters
  2 shadow wraiths (Crypt:3)
  2 goliath frogs
  2 salamander mystics (Snake:4)
  4 iron trolls
  A fire crab (shapeshifter) (Depths:2)
  2 soul eaters
  2 skeletal warriors
  7 swamp dragons
  A spriggan druid (Swamp:3)
  A glowing orange brain (Depths:4)
  A flayed ghost (Crypt:3)
  2 naga ritualists
  A bog body (Swamp:4)
  A spriggan simulacrum (Crypt:3)
  17 deep trolls
  3 wizards
  2 lindwurms
  2 ironbound convokers
  The ghost of WhatIsLove the Thaumaturge, a novice DjFE (D:6)
  4 deep elf archers
  5 phantasmal warriors (Crypt:3)
  9 deep elf pyromancers
  5 harpies
  6 orc knights
  8 mana vipers
  6 deep elf zephyrmancers
  16 ugly things
  4 cyclopes
  A necromancer (Crypt:3)
  3 manticores
  An elephant (shapeshifter) (Vaults:5)
  A will-o-the-wisp (Swamp:3)
  3 salamanders
  A manticore (shapeshifter) (Depths:1)
  6 moths of wrath (Zot:3)
  A guardian serpent (Snake:4)
  10 black mambas
  6 elephants (Lair:4)
  A rust devil (D:8)
  8 vault sentinels
  An ice statue (IceCv)
  8 naga magi
  7 cane toads
  11 yaktaurs
  2 komodo dragons
  7 freezing wraiths
  2 rime drakes
  An anaconda simulacrum (Crypt:3)
  An ice devil (Depths:4)
  A merfolk (D:14)
  A spectral demonspawn (Crypt:3)
  A red devil (Volcano)
  A tyrant leech (Swamp:1)
  10 polar bears
  2 trolls
  A hornet (shapeshifter) (Vaults:5)
  A raiju (Gauntlet)
  3 hornets
  A stone giant simulacrum (Crypt:2)
  A flying skull (Crypt:1)
  4 spriggans
  13 slime creatures
  2 air elementals (Elf:1)
  2 water elementals
  A shadow (Crypt:3)
  4 wyverns
  A ynoxinul (Depths:4)
  A basilisk (shapeshifter) (Vaults:5)
  A wraith (D:11)
  35 yaks
  A basilisk (Lair:5)
  A neqoxec (Depths:4)
  3 hogs (D:12)
  A catoblepas simulacrum (Crypt:2)
  4 redbacks
  2 vampire mosquitoes (Swamp:1)
  A naga zombie (Crypt:3)
  8 water moccasins
  An acid dragon (D:13)
  27 nagas
  A warg (Orc:1)
  9 swamp worms
  A floating eye (Depths:1)
  2 hell hounds
  A sky beast (shapeshifter) (Vaults:5)
  31 orc warriors
  3 swamp drakes (Swamp:4)
  A blink frog zombie (Crypt:3)
  2 ogres
  5 centaurs
  14 wolves
  A rime drake zombie (Crypt:1)
  A boggart (Vaults:2)
  A dream sheep skeleton (Crypt:3)
  2 kobold brigands
  A gnoll sergeant (D:9)
  4 bullfrogs
  An earth elemental (Elf:2)
  A deep troll simulacrum (Crypt:3)
  A komodo dragon skeleton (Crypt:3)
  3 necrophages
  2 wights
  A killer bee (D:5)
  A howler monkey (D:10)
  2 orc priests
  A quasit (D:6)
  5 orc wizards
  A hound skeleton (Crypt:1)
  2 gnolls (D:9)
  A howler monkey skeleton (Crypt:3)
  A lava snake zombie (Crypt:3)
  23 orcs
  A goblin (Bailey)
  2 hobgoblins (Bailey)
  11 kobolds
  A dart slug zombie (Crypt:2)
752 creatures vanquished.

Vanquished Creatures (others)
  A deep elf blademaster (Elf:3)
  A deep elf master archer (Elf:3)
  An ice dragon (Depths:1)
  A hydra (D:9)
  A two-headed ogre (D:9)
  5 very ugly thing zombies
  2 golden dragon zombies
  2 anaconda zombies (Depths:1)
  4 spark wasp zombies
  A tengu zombie (Vaults:5)
  A shadow dragon zombie (Vaults:5)
  A wizard (D:15)
  3 ugly thing zombies
  An ugly thing (Depths:2)
  A fire giant zombie (Depths:4)
  2 draconian zombies
  A stone giant zombie (Depths:1)
  2 sea snake zombies (Depths:1)
  4 elf zombies (Elf:3)
  A red draconian zombie (Zot:3)
  A black draconian zombie (Zot:5)
  3 iron troll zombies
  13 human zombies
  An ettin zombie (Vaults:5)
  2 moth of wrath zombies (Zot:3)
  3 ice dragon zombies (Depths:4)
  2 redbacks (D:5)
  7 deep troll zombies
  2 naga zombies
  4 water moccasins (D:5)
  2 orc warriors (Orc:2)
  A black bear (shapeshifter) (D:15)
  2 hornet zombies (Depths:2)
  A salamander zombie (Snake:4)
  4 scorpions (D:5)
  A killer bee (D:5)
  4 spriggan zombies
  An electric eel (D:15)
  46 knights
  6 ancestors
  2 orc zombies (Vaults:5)
  31 foxfires
  30 snaplasher vines
205 creatures vanquished.

Grand Total: 2167 creatures vanquished

Table legend:
 A = Non-vault XP
 B = Vault XP
 C = Vault XP percentage of total XP
 D = Non-vault monster count
 E = Vault monster count
 F = Vault count percentage of total count
                 A         B        C        D         E       F
            +---------+---------+-------+---------+---------+-------
      Total |  611294 |  521620 |  46.0 |    1167 |     798 |  40.6
            +---------+---------+-------+---------+---------+-------
        D:1 |      31 |       4 |  11.4 |      16 |       3 |  15.8
        D:2 |      24 |      37 |  60.7 |      10 |       1 |   9.1
        D:3 |      36 |       0 |   0.0 |      10 |       0 |   0.0
        D:4 |      12 |      47 |  79.7 |       6 |       5 |  45.5
        D:5 |    1369 |    2162 |  61.2 |      16 |      30 |  65.2
        D:6 |     850 |    1030 |  54.8 |      19 |       4 |  17.4
        D:7 |    1146 |       0 |   0.0 |      21 |       0 |   0.0
        D:8 |    2420 |       0 |   0.0 |      26 |       0 |   0.0
        D:9 |    3125 |    1685 |  35.0 |      34 |       2 |   5.6
       D:10 |    3763 |       0 |   0.0 |      21 |       0 |   0.0
       D:11 |    1543 |    1107 |  41.8 |      11 |       2 |  15.4
       D:12 |    4993 |    6557 |  56.8 |      11 |      24 |  68.6
       D:13 |    4300 |       0 |   0.0 |      15 |       0 |   0.0
       D:14 |    5818 |    3615 |  38.3 |       9 |      10 |  52.6
       D:15 |    7546 |   13103 |  63.5 |      17 |      19 |  52.8
     Lair:1 |    3271 |    1846 |  36.1 |      13 |       2 |  13.3
     Lair:2 |    6139 |    1325 |  17.8 |      24 |       4 |  14.3
     Lair:3 |    4539 |    1591 |  26.0 |      13 |       7 |  35.0
     Lair:4 |    7446 |    1574 |  17.5 |      19 |       2 |   9.5
     Lair:5 |    2775 |   10852 |  79.6 |       7 |      23 |  76.7
    Swamp:1 |   10780 |       0 |   0.0 |      27 |       0 |   0.0
    Swamp:2 |    8365 |       0 |   0.0 |      15 |       0 |   0.0
    Swamp:3 |   17932 |    2986 |  14.3 |      24 |       2 |   7.7
    Swamp:4 |   12358 |   19340 |  61.0 |      20 |      30 |  60.0
    Snake:1 |   10481 |       0 |   0.0 |      22 |       0 |   0.0
    Snake:2 |   12081 |       0 |   0.0 |      20 |       0 |   0.0
    Snake:3 |   18867 |    1996 |   9.6 |      37 |       1 |   2.6
    Snake:4 |   17965 |   26898 |  60.0 |      39 |      43 |  52.4
      Orc:1 |    1305 |     653 |  33.4 |      27 |       1 |   3.6
      Orc:2 |    3472 |    5052 |  59.3 |      33 |      36 |  52.2
      Elf:1 |   15916 |   10033 |  38.7 |      30 |      13 |  30.2
      Elf:2 |   17106 |    5151 |  23.1 |      27 |      11 |  28.9
      Elf:3 |   26247 |   37110 |  58.6 |      44 |      29 |  39.7
   Vaults:1 |   47041 |   20673 |  30.5 |      66 |      41 |  38.3
   Vaults:2 |   21030 |    5210 |  19.9 |      33 |       7 |  17.5
   Vaults:3 |   25640 |   32942 |  56.2 |      43 |      38 |  46.9
   Vaults:4 |   16181 |    4731 |  22.6 |      19 |      10 |  34.5
   Vaults:5 |   29214 |  108967 |  78.9 |      38 |      88 |  69.8
    Crypt:1 |   24785 |    6835 |  21.6 |      46 |      13 |  22.0
    Crypt:2 |   21530 |       0 |   0.0 |      32 |       0 |   0.0
    Crypt:3 |   33163 |   42735 |  56.3 |      43 |      62 |  59.0
   Depths:1 |   17717 |   32254 |  64.5 |      20 |      46 |  69.7
   Depths:2 |   31369 |     905 |   2.8 |      36 |       1 |   2.7
   Depths:3 |       0 |   60039 | 100.0 |       0 |      56 | 100.0
   Depths:4 |   35705 |   15413 |  30.2 |      37 |      15 |  28.8
      Zot:1 |   10941 |       0 |   0.0 |      10 |       0 |   0.0
      Zot:2 |   10038 |       0 |   0.0 |       9 |       0 |   0.0
      Zot:3 |   27263 |    4738 |  14.8 |      28 |       4 |  12.5
      Zot:4 |    3068 |       0 |   0.0 |       3 |       0 |   0.0
      Zot:5 |   22588 |    8817 |  28.1 |      21 |       5 |  19.2
      Sewer |       0 |     251 | 100.0 |       0 |      14 | 100.0
     Bailey |       0 |     319 | 100.0 |       0 |      24 | 100.0
      IceCv |       0 |   14602 | 100.0 |       0 |      54 | 100.0
    Volcano |       0 |    3139 | 100.0 |       0 |       6 | 100.0
   Gauntlet |       0 |    3296 | 100.0 |       0 |      10 | 100.0
            +---------+---------+-------+---------+---------+-------

Skill      XL: |  1  2  3  4  5  6  7  8  9 10 11 12 13 14 15 16 17 18 19 20 21 22 23 24 |
---------------+-------------------------------------------------------------------------+-----
Ice Magic      | 5 4 6 8 10 11 | 11.0
Spellcasting   | 3 5 6 7 8 10 12 | 12.5
Fighting       | 1 2 3 4 7 8 10 13 14 15 16 18 20 | 20.0
Dodging        | 2 3 4 6 8 10 12 13 14 15 17 18 20 | 20.5
Stealth        | 2 13 14 | 14.0
Conjurations   | 5 6 7 8 |  8.0
Earth Magic    | 5 |  5.0
Summonings     | 9 10 | 10.0
Translocations | 6 |  6.0
Air Magic      | 4 5 6 |  6.0
Invocations    | 4 8 12 | 12.0
Evocations     | 6 8 |  8.0
Staves         | 4 |  4.0
Long Blades    | 7 12 14 | 14.0
Shields        | 6 10 15 | 15.0
Necromancy     | 2 5 10 | 10.7
Transmutations | 6 8 |  8.0
Hexes          | 7 8 |  8.0

Action                     |  1- 3 |  4- 6 |  7- 9 | 10-12 | 13-15 | 16-18 | 19-21 | 22-24 || total
---------------------------+-------+-------+-------+-------+-------+-------+-------+-------++-------
  Melee: Mace              |    19 |    10 |       |       |       |       |       |       ||    29
         Tailslap          |     2 |     7 |     4 |    21 |   111 |   167 |   257 |   447 ||  1016
         Rapier            |       |    90 |     3 |       |       |       |       |       ||    93
         Punch             |       |     1 |     1 |     1 |     9 |       |       |       ||    12
         Spear             |       |       |    89 |    75 |       |       |       |       ||   164
         Staff             |       |       |       |    76 |   182 |       |       |       ||   258
         Demon blade       |       |       |       |       |   275 |   673 |   965 |   902 ||  2815
         Long sword        |       |       |       |       |    21 |    11 |       |   620 ||   652
   Cast: Freeze            |    34 |    38 |    33 |     7 |       |       |       |       ||   112
         Frozen Ramparts   |     1 |    14 |    35 |     8 |     2 |     1 |       |       ||    61
         Stone Arrow       |       |       |    39 |    57 |    16 |     3 |    12 |       ||   127
         Summon Guardian G |       |       |       |    14 |       |     3 |       |       ||    17
         Call Canine Famil |       |       |       |    16 |    26 |    14 |     7 |    12 ||    75
         Summon Lightning  |       |       |       |    24 |   106 |    77 |    30 |    18 ||   255
         Summon Forest     |       |       |       |     5 |    32 |    40 |    16 |    17 ||   110
         Freezing Cloud    |       |       |       |       |    24 |    77 |    68 |    43 ||   212
         Animate Dead      |       |       |       |       |       |     4 |    10 |    15 ||    29
         Wereblood         |       |       |       |       |       |     1 |     5 |     7 ||    13
         Irradiate         |       |       |       |       |       |       |     7 |     2 ||     9
         Yara's Violent Un |       |       |       |       |       |       |       |     9 ||     9
         Death Channel     |       |       |       |       |       |       |       |     5 ||     5
 Invoke: Ancestor Identity |       |       |     1 |       |       |       |       |       ||     1
         Recall Ancestor   |       |       |       |    13 |     9 |     5 |    11 |    15 ||    53
         Ancestor Life: Kn |       |       |       |     1 |       |       |       |       ||     1
         Idealise          |       |       |       |       |     3 |     9 |    14 |    14 ||    40
         Transference      |       |       |       |       |       |       |       |     1 ||     1
Ability: Breathe Fire      |       |       |    10 |    10 |    15 |     5 |     1 |       ||    41
         Evoke the Staff o |       |       |       |    22 |    40 |       |       |       ||    62
  Evoke: Wand              |       |     2 |       |       |    11 |    11 |     7 |     8 ||    39
         Phantom mirror    |       |       |       |       |       |     2 |     2 |     1 ||     5
         Phial of floods   |       |       |       |       |       |     2 |     2 |     1 ||     5
         Sack of spiders   |       |       |       |       |       |     1 |     2 |       ||     3
         Tin of tremorston |       |       |       |       |       |     1 |     3 |     4 ||     8
         Lightning rod     |       |       |       |       |       |       |     3 |       ||     3
    Use: Scroll            |     5 |     2 |    10 |     6 |    16 |    18 |     8 |    22 ||    87
         Potion            |       |       |     1 |       |     9 |     3 |     3 |    17 ||    33
   Stab: Sleeping          |     2 |     3 |     1 |       |     3 |     2 |    14 |    19 ||    44
         Distracted        |       |       |     3 |     2 |    15 |    27 |    32 |    44 ||   123
         Betrayed ally     |       |       |       |       |       |     1 |     1 |       ||     2
 Armour: Skin              |    18 |    69 |    61 |   160 |   341 |   274 |   247 |   382 ||  1552
  Dodge: Dodged            |    30 |   104 |    83 |   201 |   444 |   478 |   458 |   919 ||  2717
  Block: Buckler           |       |       |       |       |    39 |    61 |       |       ||   100
         Kite shield       |       |       |       |       |       |   471 |   681 |  1240 ||  2392

Illustrated notes

Table legend:
 A = Kills in this place as a percentage of kills in the entire game.
 B = Kills by you in this place as a percentage of kills by you in the entire game.
 C = Kills by friends in this place as a percentage of kills by friends in the entire game.
 D = Other kills in this place as a percentage of other kills in the entire game.
 E = Experience gained in this place as a percentage of experience gained in the entire game.
 F = Experience gained in this place divided by the number of levels of this place that you have seen.
                   A       B       C       D       E      F
               +-------+-------+-------+-------+-------+----------------------
         Total | 100.0 | 100.0 | 100.0 | 100.0 | 100.0 | 19605.9
       Dungeon |  17.5 |  20.4 |  11.6 |  70.0 |   6.0 | 4566.0
          Lair |   5.8 |   2.6 |  11.0 |   0.0 |   3.6 | 8271.6
         Swamp |   6.0 |   5.2 |   7.4 |   0.0 |   6.3 | 17940.2
     Snake Pit |   8.2 |   7.3 |  10.0 |   0.0 |   7.8 | 22072.0
  Orcish Mines |   4.9 |   4.3 |   5.7 |  10.0 |   0.9 | 5241.0
   Elven Halls |   7.8 |   9.2 |   5.6 |  10.0 |   9.8 | 37187.7
        Vaults |  19.4 |  20.4 |  18.5 |   0.0 |  27.4 | 62325.8
         Crypt |   9.9 |  10.9 |   8.8 |   0.0 |  11.3 | 43016.0
        Depths |  10.8 |  10.8 |  10.8 |  10.0 |  17.2 | 48792.2
           Zot |   4.1 |   3.8 |   4.8 |   0.0 |   7.7 | 17550.0
         Sewer |   0.7 |   1.2 |   0.0 |   0.0 |   0.0 | 251.0
        Bailey |   1.2 |   1.5 |   0.8 |   0.0 |   0.0 | 319.0
      Ice Cave |   2.7 |   2.0 |   4.0 |   0.0 |   1.3 | 14602.0
       Volcano |   0.3 |   0.1 |   0.7 |   0.0 |   0.3 | 3139.0
      Gauntlet |   0.5 |   0.6 |   0.4 |   0.0 |   0.3 | 3296.0
               +-------+-------+-------+-------+-------+----------------------

Table legend: (Time is in decaauts)
 A = Elapsed time spent in this place.
 B = Non-inter-level travel time spent in this place.
 C = Inter-level travel time spent in this place.
 D = Time resting spent in this place.
 E = Time spent auto-exploring this place.
 F = Levels seen in this place.
 G = Mean time per level.
                   A        B        C        D        E       F      G
               +--------+--------+--------+--------+--------+-----+--------+
         Total |  71799 |  63077 |   8722 |  11623 |  35596 |  58 | 1237.9 |
       Dungeon |  22001 |  18375 |   3626 |   4108 |  10585 |  15 | 1466.7 |
        Temple |     29 |     25 |      4 |      0 |      0 |   1 |   29.0 |
          Lair |   7148 |   6514 |    634 |    812 |   4562 |   5 | 1429.6 |
         Swamp |   3961 |   3765 |    196 |    807 |   2149 |   4 |  990.2 |
     Snake Pit |   7018 |   6626 |    392 |   1369 |   4008 |   4 | 1754.5 |
  Orcish Mines |   2300 |   1908 |    392 |    297 |   1193 |   2 | 1150.0 |
   Elven Halls |   3750 |   3379 |    371 |    639 |   1694 |   3 | 1250.0 |
        Vaults |  10985 |   9081 |   1904 |    958 |   5220 |   5 | 2197.0 |
         Crypt |   3966 |   3517 |    449 |    242 |   2097 |   3 | 1322.0 |
        Depths |   5410 |   4777 |    633 |    679 |   2871 |   4 | 1352.5 |
           Zot |   1226 |   1108 |    118 |    215 |    274 |   5 |  245.2 |
        Bazaar |    150 |    150 |      0 |      0 |     78 |   1 |  150.0 |
         Sewer |    596 |    596 |      0 |    206 |    154 |   1 |  596.0 |
       Ossuary |      9 |      9 |      0 |      0 |      0 |   1 |    9.0 |
        Bailey |    501 |    501 |      0 |    213 |      3 |   1 |  501.0 |
      Ice Cave |   1594 |   1594 |      0 |    803 |    248 |   1 | 1594.0 |
       Volcano |    360 |    360 |      0 |    109 |    146 |   1 |  360.0 |
      Gauntlet |    788 |    788 |      0 |    166 |    313 |   1 |  788.0 |
               +--------+--------+--------+--------+--------+-----+--------+

Top non-repeatable levels by time:
Vaults:1: 2561 daAuts
Vaults:3: 2459 daAuts
Vaults:2: 2393 daAuts
 Snake:4: 2203 daAuts
  Lair:2: 2050 daAuts
Vaults:5: 2041 daAuts
     D:8: 1898 daAuts
    D:14: 1854 daAuts
 Snake:2: 1834 daAuts
     D:9: 1820 daAuts
     D:6: 1816 daAuts
 Snake:3: 1813 daAuts
 Crypt:3: 1799 daAuts
    D:15: 1744 daAuts
    D:11: 1726 daAuts
